Workbook

Sheet Football field
B2: Clearwater Analytics – Valuation Football Field at the 20-Dec-25 Signing
B3: $ per share; our ranges from the Comps, Precedents, DCF and LBO tabs; lines at the $16.69 unaffected price (10-Nov-25) and the $24.55 offer
B5: Method | C5: Basis | D5: Low ($) | E5: High ($) | F5: Midpoint ($) | G5: Offer vs midpoint | H5: Offer position in range | I5: Implied by offer | J5: Offer-implied metric | M5: CHART DATA
B6: MARKET-BASED | M6: Method | N6: Low | O6: Range | P6: Unaffected | Q6: Offer | R6: Low label | S6: High label
B7: Trading comps – EV / CY26E revenue | C7: ="All "&SUM(Comps!$D$54:$F$54)&" peers 25th-75th, "&TEXT(Comps!D69,"0.0")&"x-"&TEXT(Comps!F69,"0.0")&"x on $"&TEXT(Comps!C69,"#,##0")&"M" -> All 18 peers 25th-75th, 5.0x-8.2x on $940M | D7: =Comps!G69 -> 12.535692 | E7: =Comps!I69 -> 22.106589 | F7: =AVERAGE(D7:E7) -> 17.32114 | G7: =$D$28/F7-1 -> 0.41734316 | H7: =($D$28-D7)/(E7-D7) -> 1.255296 | I7: =Comps!J9 -> 8.9713467 | J7: EV / CY26E revenue (x) | M7: Comps EV / Rev | N7: =D7 -> 12.535692 | O7: =E7-D7 -> 9.5708964 | P7: =$D$27 -> 16.69 | Q7: =$D$28 -> 24.55 | R7: =TEXT(D7,"$0.00") -> $12.54 | S7: =TEXT(E7,"$0.00") -> $22.11
B8: Trading comps – EV / CY26E EBITDA | C8: ="All "&SUM(Comps!$D$54:$F$54)&" peers 25th-75th, "&TEXT(Comps!D70,"0.0")&"x-"&TEXT(Comps!F70,"0.0")&"x on $"&TEXT(Comps!C70,"#,##0")&"M" -> All 18 peers 25th-75th, 19.7x-26.4x on $338M | D8: =Comps!G70 -> 18.870309 | E8: =Comps!I70 -> 26.068379 | F8: =AVERAGE(D8:E8) -> 22.469344 | G8: =$D$28/F8-1 -> 0.092599749 | H8: =($D$28-D8)/(E8-D8) -> 0.78905743 | I8: =Comps!K9 -> 24.949899 | J8: EV / CY26E EBITDA (x) | M8: Comps EV / EBITDA | N8: =D8 -> 18.870309 | O8: =E8-D8 -> 7.1980702 | P8: =$D$27 -> 16.69 | Q8: =$D$28 -> 24.55 | R8: =TEXT(D8,"$0.00") -> $18.87 | S8: =TEXT(E8,"$0.00") -> $26.07
B9: Precedents – EV / NTM revenue | C9: ="Sponsor deals 25th-75th, "&TEXT(Precedents!I41,"0.0")&"x-"&TEXT(Precedents!K41,"0.0")&"x" -> Sponsor deals 25th-75th, 6.1x-8.1x | D9: =Precedents!L41 -> 16.008358 | E9: =Precedents!N41 -> 21.784686 | F9: =AVERAGE(D9:E9) -> 18.896522 | G9: =$D$28/F9-1 -> 0.29918087 | H9: =($D$28-D9)/(E9-D9) -> 1.4787322 | I9: =Precedents!L31 -> 8.9712766 | J9: EV / NTM revenue (x) | M9: Precedents EV / Rev | N9: =D9 -> 16.008358 | O9: =E9-D9 -> 5.7763277 | P9: =$D$27 -> 16.69 | Q9: =$D$28 -> 24.55 | R9: =TEXT(D9,"$0.00") -> $16.01 | S9: =TEXT(E9,"$0.00") -> $21.78
B10: Precedents – EV / NTM EBITDA | C10: ="Sponsor deals 25th-75th, "&TEXT(Precedents!I42,"0.0")&"x-"&TEXT(Precedents!K42,"0.0")&"x" -> Sponsor deals 25th-75th, 20.2x-35.6x | D10: =Precedents!L42 -> 19.444573 | E10: =Precedents!N42 -> 36.009457 | F10: =AVERAGE(D10:E10) -> 27.727015 | G10: =$D$28/F10-1 -> -0.11458194 | H10: =($D$28-D10)/(E10-D10) -> 0.30820782 | I10: =Precedents!M31 -> 24.949704 | J10: EV / NTM EBITDA (x) | M10: Precedents EV / EBITDA | N10: =D10 -> 19.444573 | O10: =E10-D10 -> 16.564884 | P10: =$D$27 -> 16.69 | Q10: =$D$28 -> 24.55 | R10: =TEXT(D10,"$0.00") -> $19.44 | S10: =TEXT(E10,"$0.00") -> $36.01
B11: Premiums paid to unaffected | C11: ="Sponsor deals 25th-75th, "&TEXT(Precedents!I43,"0%")&"-"&TEXT(Precedents!K43,"0%") -> Sponsor deals 25th-75th, 27%-56% | D11: =Precedents!L43 -> 21.142058 | E11: =Precedents!N43 -> 25.994675 | F11: =AVERAGE(D11:E11) -> 23.568366 | G11: =$D$28/F11-1 -> 0.041650479 | H11: =($D$28-D11)/(E11-D11) -> 0.70228954 | I11: =Precedents!N31 -> 0.47094068 | J11: Premium to unaffected | M11: Premiums paid | N11: =D11 -> 21.142058 | O11: =E11-D11 -> 4.8526175 | P11: =$D$27 -> 16.69 | Q11: =$D$28 -> 24.55 | R11: =TEXT(D11,"$0.00") -> $21.14 | S11: =TEXT(E11,"$0.00") -> $25.99
M12: DCF, SBC added back | N12: =D14 -> 21.778612 | O12: =E14-D14 -> 5.4618426 | P12: =$D$27 -> 16.69 | Q12: =$D$28 -> 24.55 | R12: =TEXT(D14,"$0.00") -> $21.78 | S12: =TEXT(E14,"$0.00") -> $27.24
B13: INTRINSIC | M13: DCF, SBC as cash | N13: =D15 -> 17.686527 | O13: =E15-D15 -> 4.7310144 | P13: =$D$27 -> 16.69 | Q13: =$D$28 -> 24.55 | R13: =TEXT(D15,"$0.00") -> $17.69 | S13: =TEXT(E15,"$0.00") -> $22.42
B14: DCF – SBC added back | C14: ="Low at "&DCF!F52&", high at "&DCF!G52&" (WACC / g)" -> Low at 11.37% / 2.00%, high at 10.37% / 3.00% (WACC / g) | D14: =DCF!C52 -> 21.778612 | E14: =DCF!E52 -> 27.240454 | F14: =AVERAGE(D14:E14) -> 24.509533 | G14: =$D$28/F14-1 -> 0.0016510638 | H14: =($D$28-D14)/(E14-D14) -> 0.507409 | I14: =DCF!C14 -> 0.014652345 | J14: Offer vs base value | M14: LBO, committed debt | N14: =D16 -> 20.606546 | O14: =E16-D16 -> 3.6517395 | P14: =$D$27 -> 16.69 | Q14: =$D$28 -> 24.55 | R14: =TEXT(D16,"$0.00") -> $20.61 | S14: =TEXT(E16,"$0.00") -> $24.26
B15: DCF – SBC as cash cost | C15: ="Low at "&DCF!F53&", high at "&DCF!G53&" (WACC / g)" -> Low at 11.37% / 2.00%, high at 10.37% / 3.00% (WACC / g) | D15: =DCF!C53 -> 17.686527 | E15: =DCF!E53 -> 22.417541 | F15: =AVERAGE(D15:E15) -> 20.052034 | G15: =$D$28/F15-1 -> 0.2243147 | H15: =($D$28-D15)/(E15-D15) -> 1.4507403 | I15: =DCF!D14 -> 0.24121794 | J15: Offer vs base value | M15: 52-week range | N15: =D19 -> 15.75 | O15: =E19-D19 -> 17 | P15: =$D$27 -> 16.69 | Q15: =$D$28 -> 24.55 | R15: =TEXT(D19,"$0.00") -> $15.75 | S15: =TEXT(E19,"$0.00") -> $32.75
B16: LBO – committed buyout financing | C16: ="IRR 25% to 20%, exit "&TEXT(LBO!C49,"0.0")&"x LTM 2030E EBITDA" -> IRR 25% to 20%, exit 22.0x LTM 2030E EBITDA | D16: =LBO!C160 -> 20.606546 | E16: =LBO!C161 -> 24.258286 | F16: =AVERAGE(D16:E16) -> 22.432416 | G16: =$D$28/F16-1 -> 0.094398391 | H16: =($D$28-D16)/(E16-D16) -> 1.0798836 | I16: =LBO!H139 -> 0.19651292 | J16: Sponsor IRR at offer, 22x exit | M16: Analyst targets | N16: =D20 -> 25 | O16: =E20-D20 -> 11 | P16: =$D$27 -> 16.69 | Q16: =$D$28 -> 24.55 | R16: =TEXT(D20,"$0.00") -> $25.00 | S16: =TEXT(E20,"$0.00") -> $36.00
M17: PJT core avg. | N17: =D23 -> 17.3125 | O17: =E23-D23 -> 8.5 | P17: =$D$27 -> 16.69 | Q17: =$D$28 -> 24.55 | R17: =TEXT(D23,"$0.00") -> $17.31 | S17: =TEXT(E23,"$0.00") -> $25.81
B18: REFERENCE ONLY | M18: JPM core avg. | N18: =D24 -> 17.45 | O18: =E24-D24 -> 11.75 | P18: =$D$27 -> 16.69 | Q18: =$D$28 -> 24.55 | R18: =TEXT(D24,"$0.00") -> $17.45 | S18: =TEXT(E24,"$0.00") -> $29.20
B19: 52-week trading range to 10-Nov-25 | C19: ="PJT, 52 weeks to unaffected date" -> PJT, 52 weeks to unaffected date | D19: ='Banker ranges'!G27 -> 15.75 | E19: ='Banker ranges'!H27 -> 32.75 | F19: =AVERAGE(D19:E19) -> 24.25 | G19: =$D$28/F19-1 -> 0.012371134 | H19: =($D$28-D19)/(E19-D19) -> 0.51764706
B20: Analyst price targets, undiscounted | C20: ="J.P. Morgan, 11 brokers" -> J.P. Morgan, 11 brokers | D20: ='Banker ranges'!L26 -> 25 | E20: ='Banker ranges'!M26 -> 36 | F20: =AVERAGE(D20:E20) -> 30.5 | G20: =$D$28/F20-1 -> -0.19508197 | H20: =($D$28-D20)/(E20-D20) -> -0.040909091
B22: BANKERS – CORE METHODS, AVERAGE RANGE
B23: PJT Partners | C23: ="Average of DCF, comps and precedent ranges" -> Average of DCF, comps and precedent ranges | D23: ='Banker ranges'!G30 -> 17.3125 | E23: ='Banker ranges'!H30 -> 25.8125 | F23: =AVERAGE(D23:E23) -> 21.5625 | G23: =$D$28/F23-1 -> 0.13855072 | H23: =($D$28-D23)/(E23-D23) -> 0.85147059
B24: J.P. Morgan | C24: ="Average of DCF, comps and precedent ranges" -> Average of DCF, comps and precedent ranges | D24: ='Banker ranges'!L30 -> 17.45 | E24: ='Banker ranges'!M30 -> 29.2 | F24: =AVERAGE(D24:E24) -> 23.325 | G24: =$D$28/F24-1 -> 0.052518757 | H24: =($D$28-D24)/(E24-D24) -> 0.60425532
B26: PRICES
B27: Unaffected price, 10-Nov-25 | D27: ='Banker ranges'!D35 -> 16.69
B28: Offer price | D28: ='Banker ranges'!D34 -> 24.55
B29: Offer premium to unaffected | D29: =D28/D27-1 -> 0.47094068
B31: SUMMARY
B32: Our eight methods with offer above midpoint | D32: =COUNTIF(G7:G16,">0") -> 7
B33: Our eight methods with offer above high end | D33: =COUNTIF(H7:H16,">1") -> 4
B34: Median midpoint, our methods ($) | D34: =MEDIAN(F7:F11,F14:F16) -> 22.45088
B35: Offer vs median midpoint | D35: =D28/D34-1 -> 0.093498331

Sheet Banker ranges
B2: Banker Football Fields – PJT Partners (Special Committee) vs J.P. Morgan (Board), 20-Dec-25
B3: $ per share unless noted; ranges as disclosed in the DEFM14A and the fairness opinion decks; management Financial Forecasts; offer $24.55, unaffected $16.69 (10-Nov-25)
D5: PJT Partners | I5: J.P. Morgan | N5: Comparison
B6: Method | C6: Basis | D6: Metric ($M) | E6: Low | F6: High | G6: Low ($) | H6: High ($) | I6: Metric ($M) | J6: Low | K6: High | L6: Low ($) | M6: High ($) | N6: Δ mid (JPM − PJT) | O6: Offer in PJT range | P6: Offer in JPM range | Q6: Where the banks differ
B7: TRADING COMPARABLES
B8: EV / 2026E revenue | C8: Multiple (x) | D8: 940 | E8: 6 | F8: 9 | G8: 15.75 | H8: 24.75 | I8: 940 | J8: 6 | K8: 9.5 | L8: 15.75 | M8: 26.25 | N8: =IF(AND(COUNT(G8:H8)=2,COUNT(L8:M8)=2),AVERAGE(L8:M8)-AVERAGE(G8:H8),"–") -> 0.75 | O8: =IF(COUNT(G8:H8)=2,($D$34-G8)/(H8-G8),"–") -> 0.97777778 | P8: =IF(COUNT(L8:M8)=2,($D$34-L8)/(M8-L8),"–") -> 0.83809524 | Q8: JPM's top end 9.5x vs PJT 9.0x; JPM peers are higher-multiple vertical and horizontal software, PJT's primary group is FS vertical
B9: EV / 2026E Adj. EBITDA (pre-SBC) | C9: Multiple (x) | D9: 338 | E9: 18 | F9: 25 | G9: 17 | H9: 24.75 | N9: =IF(AND(COUNT(G9:H9)=2,COUNT(L9:M9)=2),AVERAGE(L9:M9)-AVERAGE(G9:H9),"–") -> – | O9: =IF(COUNT(G9:H9)=2,($D$34-G9)/(H9-G9),"–") -> 0.97419355 | P9: =IF(COUNT(L9:M9)=2,($D$34-L9)/(M9-L9),"–") -> – | Q9: PJT only
B10: EV / 2026E uFCF (pre-SBC) | C10: Multiple (x) | I10: 300 | J10: 20 | K10: 35 | L10: 16.75 | M10: 31.25 | N10: =IF(AND(COUNT(G10:H10)=2,COUNT(L10:M10)=2),AVERAGE(L10:M10)-AVERAGE(G10:H10),"–") -> – | O10: =IF(COUNT(G10:H10)=2,($D$34-G10)/(H10-G10),"–") -> – | P10: =IF(COUNT(L10:M10)=2,($D$34-L10)/(M10-L10),"–") -> 0.53793103 | Q10: J.P. Morgan only; pre-SBC uFCF treats $127mm of SBC as if it were not a cost
B12: PRECEDENT TRANSACTIONS
B13: EV / NTM revenue | C13: Multiple (x) | D13: 940 | E13: 6.5 | F13: 8.5 | G13: 17.25 | H13: 23.25 | I13: 940 | J13: 6 | K13: 8.5 | L13: 15.75 | M13: 23.25 | N13: =IF(AND(COUNT(G13:H13)=2,COUNT(L13:M13)=2),AVERAGE(L13:M13)-AVERAGE(G13:H13),"–") -> -0.75 | O13: =IF(COUNT(G13:H13)=2,($D$34-G13)/(H13-G13),"–") -> 1.2166667 | P13: =IF(COUNT(L13:M13)=2,($D$34-L13)/(M13-L13),"–") -> 1.1733333 | Q13: PJT 12 deals (3 strategic), JPM 10 deals (2 strategic), 7 in common; JPM low end 6.0x vs PJT 6.5x
B14: EV / NTM uFCF (pre-SBC) | C14: Multiple (x) | I14: 300 | J14: 22 | K14: 38 | L14: 18.75 | M14: 34 | N14: =IF(AND(COUNT(G14:H14)=2,COUNT(L14:M14)=2),AVERAGE(L14:M14)-AVERAGE(G14:H14),"–") -> – | O14: =IF(COUNT(G14:H14)=2,($D$34-G14)/(H14-G14),"–") -> – | P14: =IF(COUNT(L14:M14)=2,($D$34-L14)/(M14-L14),"–") -> 0.38032787 | Q14: J.P. Morgan only
B16: DISCOUNTED CASH FLOW
B17: DCF, incl. tax attributes | C17: WACC (%) | E17: 0.1 | F17: 0.11 | G17: 19.25 | H17: 30.5 | J17: 0.0925 | K17: 0.1025 | L17: 20.25 | M17: 31.25 | N17: =IF(AND(COUNT(G17:H17)=2,COUNT(L17:M17)=2),AVERAGE(L17:M17)-AVERAGE(G17:H17),"–") -> 0.875 | O17: =IF(COUNT(G17:H17)=2,($D$34-G17)/(H17-G17),"–") -> 0.47111111 | P17: =IF(COUNT(L17:M17)=2,($D$34-L17)/(M17-L17),"–") -> 0.39090909 | Q17: Both 5-year (2026E-30E), 31-Dec-25, mid-year, SBC as a cash cost; JPM uses a 75 bp lower WACC
B18: Terminal growth | C18: Growth (%) | E18: 0.055 | F18: 0.065 | J18: 0.045 | K18: 0.055 | Q18: PJT 100 bp higher growth on a terminal year still growing 18%
B19: Terminal-year UFCF | C19: $M | D19: 445 | I19: 499 | Q19: PJT grows 2030E UFCF; JPM normalizes a terminal year (5% growth, 44% margin)
B20: PV of tax attributes | C20: $M | E20: 439 | F20: 455 | J20: 450 | K20: 467 | Q20: Same DTA schedule ($672mm, 80% cap), different discount rates
B21: Midpoint value per share | C21: $ per share | D21: 23.75 | I21: 24.54 | N21: =I21-D21 -> 0.79 | Q21: Both midpoints sit at or below the $24.55 offer
B23: FOR REFERENCE ONLY
B24: Illustrative LBO | C24: Exit LTM 2030E EBITDA (x) | E24: 22 | F24: 30 | G24: 22 | H24: 28.75 | N24: =IF(AND(COUNT(G24:H24)=2,COUNT(L24:M24)=2),AVERAGE(L24:M24)-AVERAGE(G24:H24),"–") -> – | O24: =IF(COUNT(G24:H24)=2,($D$34-G24)/(H24-G24),"–") -> 0.37777778 | P24: =IF(COUNT(L24:M24)=2,($D$34-L24)/(M24-L24),"–") -> – | Q24: PJT only: 8.0x 2025E leverage, 22.5% IRR, SBC cut to $32mm
B25: Discounted future share price | C25: NTM EBITDA (x) | E25: 18 | F25: 25 | G25: 23 | H25: 32.25 | N25: =IF(AND(COUNT(G25:H25)=2,COUNT(L25:M25)=2),AVERAGE(L25:M25)-AVERAGE(G25:H25),"–") -> – | O25: =IF(COUNT(G25:H25)=2,($D$34-G25)/(H25-G25),"–") -> 0.16756757 | P25: =IF(COUNT(L25:M25)=2,($D$34-L25)/(M25-L25),"–") -> – | Q25: PJT only: 2027E price discounted at 11.5%
B26: Analyst price targets | C26: $ per share | G26: 22.5 | H26: 32.25 | L26: 25 | M26: 36 | N26: =IF(AND(COUNT(G26:H26)=2,COUNT(L26:M26)=2),AVERAGE(L26:M26)-AVERAGE(G26:H26),"–") -> 3.125 | O26: =IF(COUNT(G26:H26)=2,($D$34-G26)/(H26-G26),"–") -> 0.21025641 | P26: =IF(COUNT(L26:M26)=2,($D$34-L26)/(M26-L26),"–") -> -0.040909091 | Q26: PJT discounts targets one year at 11.5%; JPM shows them undiscounted
B27: 52-week trading range | C27: $ per share | G27: 15.75 | H27: 32.75 | L27: 15.74 | M27: 32 | N27: =IF(AND(COUNT(G27:H27)=2,COUNT(L27:M27)=2),AVERAGE(L27:M27)-AVERAGE(G27:H27),"–") -> -0.38 | O27: =IF(COUNT(G27:H27)=2,($D$34-G27)/(H27-G27),"–") -> 0.51764706 | P27: =IF(COUNT(L27:M27)=2,($D$34-L27)/(M27-L27),"–") -> 0.54182042 | Q27: PJT window ends 10-Nov-25 (unaffected); JPM's ends 19-Dec-25
B29: CORE METHODS (EXCLUDING REFERENCE-ONLY)
B30: Average of core lows / highs | G30: =AVERAGE(G8,G9,G13,G17) -> 17.3125 | H30: =AVERAGE(H8,H9,H13,H17) -> 25.8125 | L30: =AVERAGE(L8,L10,L13,L14,L17) -> 17.45 | M30: =AVERAGE(M8,M10,M13,M14,M17) -> 29.2 | O30: =($D$34-G30)/(H30-G30) -> 0.85147059 | P30: =($D$34-L30)/(M30-L30) -> 0.60425532
B31: Offer vs average core midpoint | G31: =$D$34/AVERAGE(G30:H30)-1 -> 0.13855072 | L31: =$D$34/AVERAGE(L30:M30)-1 -> 0.052518757
B33: PRICES
B34: Offer price | D34: 24.55
B35: Unaffected price, 10-Nov-25 | D35: 16.69

Sheet Comps
B2: Clearwater Analytics – Trading Comparables at the Unaffected Price | V2: TRADING COMPARABLES – BACKING DATA (peers priced at 10-Nov-25, CWAN unaffected date)
B3: $M except per share; all prices 10-Nov-25 close (unaffected date); CY26E Street consensus per banker decks; EBITDA pre-SBC; FD shares and net debt as used by the banks | V3: $M except per share; prices 10-Nov-25 close; FD shares and balance sheets as used by the banks (latest reported at 19-Dec-25); CY25E/CY26E Street consensus per banker decks (19-Dec-25); EBITDA pre-SBC
D5: Market, 10-Nov-25 | G5: CY26E profile | J5: EV / CY26E | L5: vs CWAN (mgmt) | Z5: Share price (10-Nov-25) | AE5: Equity value to EV | AK5: Revenue | AO5: Growth / margin | AR5: EV / Revenue | AT5: EV / EBITDA | AX5: Inputs
B6: Company | C6: Bank set | D6: Price ($) | E6: % 52-wk high | F6: EV ($M) | G6: Rev. growth | H6: EBITDA mgn | I6: Growth + mgn | J6: Revenue | K6: EBITDA | L6: Δ growth | M6: Δ margin | N6: Verdict | O6: Why | V6: Company | W6: Ticker | X6: PJT | Y6: JPM | Z6: Price (lcl) | AA6: FX | AB6: Price ($) | AC6: 52-wk high | AD6: % of high | AE6: FD shares (m) | AF6: Equity value | AG6: Net debt | AH6: EV | AI6: Bank EV 19-Dec | AJ6: Δ vs 19-Dec | AK6: CY24A | AL6: CY25E | AM6: CY26E | AN6: CY26E EBITDA | AO6: CY25E gr. | AP6: CY26E gr. | AQ6: CY26E mgn | AR6: CY25E | AS6: CY26E | AT6: CY25E | AU6: CY26E | AX6: Basic shs | AY6: Dil. WASO | AZ6: Basic WASO | BA6: Dil. override | BB6: OTM conv. | BC6: Curr. LTD | BD6: ST debt | BE6: LT debt | BF6: NCI | BG6: Cash | BH6: ST inv. | BI6: PJT CY26E Rev | BJ6: PJT CY26E mgn | BK6: JPM FV | BL6: JPM FV/Rev | BM6: JPM FV/EBITDA | BN6: CY26E gr. (bank) | BO6: FY rev A | BP6: FY rev B | BQ6: FYE mo. | BR6: PJT TEV ($bn) | BS6: Fin. FX | BT6: PJT CY25-27E CAGR
B7: Clearwater Analytics
B8: CWAN – unaffected ($16.69) | C8: Mgmt | D8: =AB8 -> 16.69 | E8: =AD8 -> 0.50961832 | F8: =AH8 -> 5970.832 | G8: =$D$57 -> 0.153 | H8: =$D$58 -> 0.35957447 | I8: =G8+H8 -> 0.51257447 | J8: =AH8/$X$77 -> 6.351949 | K8: =AH8/$X$78 -> 17.665183 | N8: Subject | O8: Organic growth (PJT p.10); Street basis 6.3x / 17.9x | V8: CWAN – unaffected | W8: CWAN | AB8: =$X$57 -> 16.69 | AC8: =$X$59 -> 32.75 | AD8: =AB8/AC8 -> 0.50961832 | AE8: =($X$60+$X$61+$X$62+$X$63)/10^6+$X$64/10^6*MAX(0,1-$X$65/AB8)+$X$66/AB8 -> 310.12774 | AF8: =AB8*AE8 -> 5176.032 | AG8: =$X$67-$X$68-$X$69 -> 794.8 | AH8: =AF8+AG8 -> 5970.832 | AI8: 5968 | AJ8: =AH8/AI8-1 -> 0.00047453328 | AK8: =$X$70 -> 451.803 | AL8: =$X$71 -> 731 | AM8: =$X$73 -> 947 | AN8: =$X$74 -> 333 | AO8: =AL8/AK8-1 -> 0.61796181 | AP8: =AM8/AL8-1 -> 0.29548564 | AQ8: =AN8/AM8 -> 0.35163675 | AR8: =AH8/AL8 -> 8.1680329 | AS8: =AH8/AM8 -> 6.3049968 | AT8: =AH8/$X$72 -> 24.173409 | AU8: =AH8/AN8 -> 17.930426 | BT8: 0.16
B9: CWAN – offer ($24.55) | C9: Mgmt | D9: =AB9 -> 24.55 | E9: =AD9 -> 0.74961832 | F9: =AH9 -> 8433.0659 | G9: =$D$57 -> 0.153 | H9: =$D$58 -> 0.35957447 | I9: =G9+H9 -> 0.51257447 | J9: =AH9/$X$77 -> 8.9713467 | K9: =AH9/$X$78 -> 24.949899 | N9: Subject | O9: Street basis 8.9x / 25.3x | V9: CWAN – offer | W9: CWAN | AB9: =$X$58 -> 24.55 | AC9: =$X$59 -> 32.75 | AD9: =AB9/AC9 -> 0.74961832 | AE9: =($X$60+$X$61+$X$62+$X$63)/10^6+$X$64/10^6*MAX(0,1-$X$65/AB9)+$X$66/AB9 -> 311.131 | AF9: =AB9*AE9 -> 7638.2659 | AG9: =$X$67-$X$68-$X$69 -> 794.8 | AH9: =AF9+AG9 -> 8433.0659 | AI9: 8433 | AJ9: =AH9/AI9-1 -> 7.8186612e-06 | AK9: =$X$70 -> 451.803 | AL9: =$X$71 -> 731 | AM9: =$X$73 -> 947 | AN9: =$X$74 -> 333 | AO9: =AL9/AK9-1 -> 0.61796181 | AP9: =AM9/AL9-1 -> 0.29548564 | AQ9: =AN9/AM9 -> 0.35163675 | AR9: =AH9/AL9 -> 11.536342 | AS9: =AH9/AM9 -> 8.9050327 | AT9: =AH9/$X$72 -> 34.141967 | AU9: =AH9/AN9 -> 25.324522 | BT9: 0.16
B11: Financial services vertical software | V11: FINANCIAL SERVICES VERTICAL SOFTWARE
B12: =V12 -> Guidewire Software | C12: Both | D12: =AB12 -> 217.77 | E12: =AD12 -> 0.83156408 | F12: =AH12 -> 18542.18 | G12: =IF(ISNUMBER(AP12),AP12,BT12) -> 0.17 | H12: =AQ12 -> 0.347 | I12: =G12+H12 -> 0.517 | J12: =AS12 -> 12.3697 | K12: =AU12 -> 35.647551 | L12: =G12-$D$57 -> 0.017 | M12: =H12-$D$58 -> -0.012574468 | N12: =IF(AND(ABS(L12)<=$D$60,ABS(M12)<=$D$61),"Fair comp",IF(AND(I12<$D$59,J12<$D$62),"Flatters price","Not comparable")) -> Fair comp | O12: Insurance core systems; closest growth and margin match | V12: Guidewire Software | W12: GWRE | X12: FS | Y12: Vertical | Z12: 217.77 | AA12: =1 -> 1 | AB12: =Z12*AA12 -> 217.77 | AC12: 261.88 | AD12: =Z12/AC12 -> 0.83156408 | AE12: =(AX12+IF(BA12<>"",BA12,AY12-AZ12)-BB12)/10^6 -> 86.690712 | AF12: =AB12*AE12 -> 18878.636 | AG12: =(SUM(BC12:BF12)-BG12-BH12)/10^6*BS12 -> -336.456 | AH12: =AF12+AG12 -> 18542.18 | AI12: =IF(BK12<>"",BK12,BR12*1000) -> 16989 | AJ12: =AH12/AI12-1 -> 0.091422706 | AK12: =(BO12*IF(BQ12>=6,IF(BQ12<=7,BQ12/12,1),1)+BP12*IF(BQ12>=6,IF(BQ12<=7,1-BQ12/12,0),0))/10^6*BS12 -> 1072.9812 | AL12: =IF(BN12<>"",AM12/(1+BN12),"n.a.") -> 1281.1966 | AM12: =IF(BI12<>"",BI12,BK12/BL12) -> 1499 | AN12: =IF(BI12<>"",BI12*BJ12,BK12/BM12) -> 520.153 | AO12: =IF(ISNUMBER(AL12),AL12/AK12-1,"n.a.") -> 0.19405319 | AP12: =IF(ISNUMBER(AL12),AM12/AL12-1,"n.a.") -> 0.17 | AQ12: =AN12/AM12 -> 0.347 | AR12: =IF(ISNUMBER(AL12),AH12/AL12,"n.a.") -> 14.472549 | AS12: =AH12/AM12 -> 12.3697 | AT12: n.a. | AU12: =AH12/AN12 -> 35.647551 | AX12: 85019176 | AY12: 86451737 | AZ12: 84780201 | BE12: 675443000 | BG12: 492038000 | BH12: 519861000 | BI12: 1499 | BJ12: 0.347 | BK12: 16989 | BL12: 11.3 | BM12: 34.7 | BN12: 0.17 | BO12: 980497000 | BP12: 1202459000 | BQ12: 7 | BR12: 16.9 | BS12: =1 -> 1 | BT12: 0.151
B13: =V13 -> Intapp | C13: PJT | D13: =AB13 -> 40.19 | E13: =AD13 -> 0.54237517 | F13: =AH13 -> 3019.1883 | G13: =IF(ISNUMBER(AP13),AP13,BT13) -> 0.13 | H13: =AQ13 -> 0.204 | I13: =G13+H13 -> 0.334 | J13: =AS13 -> 4.9576162 | K13: =AU13 -> 24.30204 | L13: =G13-$D$57 -> -0.023 | M13: =H13-$D$58 -> -0.15557447 | N13: =IF(AND(ABS(L13)<=$D$60,ABS(M13)<=$D$61),"Fair comp",IF(AND(I13<$D$59,J13<$D$62),"Flatters price","Not comparable")) -> Flatters price | O13: Professional-services SaaS; margin 16 pts below CWAN | V13: Intapp | W13: INTA | X13: FS | Y13: – | Z13: 40.19 | AA13: =1 -> 1 | AB13: =Z13*AA13 -> 40.19 | AC13: 74.1 | AD13: =Z13/AC13 -> 0.54237517 | AE13: =(AX13+IF(BA13<>"",BA13,AY13-AZ13)-BB13)/10^6 -> 81.926481 | AF13: =AB13*AE13 -> 3292.6253 | AG13: =(SUM(BC13:BF13)-BG13-BH13)/10^6*BS13 -> -273.437 | AH13: =AF13+AG13 -> 3019.1883 | AI13: =IF(BK13<>"",BK13,BR13*1000) -> 3900 | AJ13: =AH13/AI13-1 -> -0.22584916 | AK13: =(BO13*IF(BQ13>=6,IF(BQ13<=7,BQ13/12,1),1)+BP13*IF(BQ13>=6,IF(BQ13<=7,1-BQ13/12,0),0))/10^6*BS13 -> 467.3215 | AL13: =IF(BN13<>"",AM13/(1+BN13),"n.a.") -> 538.93805 | AM13: =IF(BI13<>"",BI13,BK13/BL13) -> 609 | AN13: =IF(BI13<>"",BI13*BJ13,BK13/BM13) -> 124.236 | AO13: =IF(ISNUMBER(AL13),AL13/AK13-1,"n.a.") -> 0.153249 | AP13: =IF(ISNUMBER(AL13),AM13/AL13-1,"n.a.") -> 0.13 | AQ13: =AN13/AM13 -> 0.204 | AR13: =IF(ISNUMBER(AL13),AH13/AL13,"n.a.") -> 5.6021063 | AS13: =AH13/AM13 -> 4.9576162 | AT13: n.a. | AU13: =AH13/AN13 -> 24.30204 | AX13: 81926481 | AY13: 81878000 | AZ13: 81878000 | BG13: 273437000 | BI13: 609 | BJ13: 0.204 | BN13: 0.13 | BO13: 430523000 | BP13: 504120000 | BQ13: 6 | BR13: 3.9 | BS13: =1 -> 1 | BT13: 0.137
B14: =V14 -> Q2 Holdings | C14: PJT; JPM ref. | D14: =AB14 -> 73.19 | E14: =AD14 -> 0.66026161 | F14: =AH14 -> 4788.9174 | G14: =IF(ISNUMBER(AP14),AP14,BT14) -> 0.1 | H14: =AQ14 -> 0.258 | I14: =G14+H14 -> 0.358 | J14: =AS14 -> 5.4855869 | K14: =AU14 -> 21.261965 | L14: =G14-$D$57 -> -0.053 | M14: =H14-$D$58 -> -0.10157447 | N14: =IF(AND(ABS(L14)<=$D$60,ABS(M14)<=$D$61),"Fair comp",IF(AND(I14<$D$59,J14<$D$62),"Flatters price","Not comparable")) -> Flatters price | O14: Digital banking; slower growth, lower margin | V14: Q2 Holdings | W14: QTWO | X14: FS | Y14: FS ref | Z14: 73.19 | AA14: =1 -> 1 | AB14: =Z14*AA14 -> 73.19 | AC14: 110.85 | AD14: =Z14/AC14 -> 0.66026161 | AE14: =(AX14+IF(BA14<>"",BA14,AY14-AZ14)-BB14)/10^6 -> 65.137005 | AF14: =AB14*AE14 -> 4767.3774 | AG14: =(SUM(BC14:BF14)-BG14-BH14)/10^6*BS14 -> 21.54 | AH14: =AF14+AG14 -> 4788.9174 | AI14: =IF(BK14<>"",BK14,BR14*1000) -> 4823 | AJ14: =AH14/AI14-1 -> -0.0070666813 | AK14: =(BO14*IF(BQ14>=6,IF(BQ14<=7,BQ14/12,1),1)+BP14*IF(BQ14>=6,IF(BQ14<=7,1-BQ14/12,0),0))/10^6*BS14 -> 696.464 | AL14: =IF(BN14<>"",AM14/(1+BN14),"n.a.") -> 793.63636 | AM14: =IF(BI14<>"",BI14,BK14/BL14) -> 873 | AN14: =IF(BI14<>"",BI14*BJ14,BK14/BM14) -> 225.234 | AO14: =IF(ISNUMBER(AL14),AL14/AK14-1,"n.a.") -> 0.13952245 | AP14: =IF(ISNUMBER(AL14),AM14/AL14-1,"n.a.") -> 0.1 | AQ14: =AN14/AM14 -> 0.258 | AR14: =IF(ISNUMBER(AL14),AH14/AL14,"n.a.") -> 6.0341456 | AS14: =AH14/AM14 -> 5.4855869 | AT14: n.a. | AU14: =AH14/AN14 -> 21.261965 | AX14: 62530005 | AY14: 69858000 | AZ14: 62458000 | BB14: 4793000 | BC14: 493933000 | BG14: 472393000 | BI14: 873 | BJ14: 0.258 | BK14: 4823 | BL14: 5.5 | BM14: 21.4 | BN14: 0.1 | BO14: 696464000 | BQ14: 12 | BR14: 4.9 | BS14: =1 -> 1 | BT14: 0.105
B15: =V15 -> CCC Intelligent Solutions | C15: PJT | D15: =AB15 -> 7.49 | E15: =AD15 -> 0.58745098 | F15: =AH15 -> 5717.2502 | G15: =IF(ISNUMBER(AP15),AP15,BT15) -> 0.09 | H15: =AQ15 -> 0.411 | I15: =G15+H15 -> 0.501 | J15: =AS15 -> 4.9801831 | K15: =AU15 -> 12.117234 | L15: =G15-$D$57 -> -0.063 | M15: =H15-$D$58 -> 0.051425532 | N15: =IF(AND(ABS(L15)<=$D$60,ABS(M15)<=$D$61),"Fair comp",IF(AND(I15<$D$59,J15<$D$62),"Flatters price","Not comparable")) -> Flatters price | O15: Auto-insurance claims SaaS; growth 6 pts below CWAN | V15: CCC Intelligent Solutions | W15: CCC | X15: FS | Y15: – | Z15: 7.49 | AA15: =1 -> 1 | AB15: =Z15*AA15 -> 7.49 | AC15: 12.75 | AD15: =Z15/AC15 -> 0.58745098 | AE15: =(AX15+IF(BA15<>"",BA15,AY15-AZ15)-BB15)/10^6 -> 642.01966 | AF15: =AB15*AE15 -> 4808.7272 | AG15: =(SUM(BC15:BF15)-BG15-BH15)/10^6*BS15 -> 908.523 | AH15: =AF15+AG15 -> 5717.2502 | AI15: =IF(BK15<>"",BK15,BR15*1000) -> 6300 | AJ15: =AH15/AI15-1 -> -0.092499965 | AK15: =(BO15*IF(BQ15>=6,IF(BQ15<=7,BQ15/12,1),1)+BP15*IF(BQ15>=6,IF(BQ15<=7,1-BQ15/12,0),0))/10^6*BS15 -> 944.8 | AL15: =IF(BN15<>"",AM15/(1+BN15),"n.a.") -> 1053.211 | AM15: =IF(BI15<>"",BI15,BK15/BL15) -> 1148 | AN15: =IF(BI15<>"",BI15*BJ15,BK15/BM15) -> 471.828 | AO15: =IF(ISNUMBER(AL15),AL15/AK15-1,"n.a.") -> 0.11474493 | AP15: =IF(ISNUMBER(AL15),AM15/AL15-1,"n.a.") -> 0.09 | AQ15: =AN15/AM15 -> 0.411 | AR15: =IF(ISNUMBER(AL15),AH15/AL15,"n.a.") -> 5.4283996 | AS15: =AH15/AM15 -> 4.9801831 | AT15: n.a. | AU15: =AH15/AN15 -> 12.117234 | AX15: 642019656 | AY15: 631440015 | AZ15: 631440015 | BC15: 10010000 | BD15: 24446000 | BE15: 971208000 | BG15: 97141000 | BI15: 1148 | BJ15: 0.411 | BN15: 0.09 | BO15: 944800000 | BQ15: 12 | BR15: 6.3 | BS15: =1 -> 1 | BT15: 0.086
B16: =V16 -> nCino | C16: PJT; JPM ref. | D16: =AB16 -> 26.21 | E16: =AD16 -> 0.61468105 | F16: =AH16 -> 3171.5293 | G16: =IF(ISNUMBER(AP16),AP16,BT16) -> 0.08 | H16: =AQ16 -> 0.255 | I16: =G16+H16 -> 0.335 | J16: =AS16 -> 4.9632696 | K16: =AU16 -> 19.463802 | L16: =G16-$D$57 -> -0.073 | M16: =H16-$D$58 -> -0.10457447 | N16: =IF(AND(ABS(L16)<=$D$60,ABS(M16)<=$D$61),"Fair comp",IF(AND(I16<$D$59,J16<$D$62),"Flatters price","Not comparable")) -> Flatters price | O16: Bank loan origination; slower growth, lower margin | V16: nCino | W16: NCNO | X16: FS | Y16: FS ref | Z16: 26.21 | AA16: =1 -> 1 | AB16: =Z16*AA16 -> 26.21 | AC16: 42.64 | AD16: =Z16/AC16 -> 0.61468105 | AE16: =(AX16+IF(BA16<>"",BA16,AY16-AZ16)-BB16)/10^6 -> 116.10776 | AF16: =AB16*AE16 -> 3043.1843 | AG16: =(SUM(BC16:BF16)-BG16-BH16)/10^6*BS16 -> 128.345 | AH16: =AF16+AG16 -> 3171.5293 | AI16: =IF(BK16<>"",BK16,BR16*1000) -> 3253 | AJ16: =AH16/AI16-1 -> -0.025044794 | AK16: =(BO16*IF(BQ16>=6,IF(BQ16<=7,BQ16/12,1),1)+BP16*IF(BQ16>=6,IF(BQ16<=7,1-BQ16/12,0),0))/10^6*BS16 -> 540.657 | AL16: =IF(BN16<>"",AM16/(1+BN16),"n.a.") -> 591.66667 | AM16: =IF(BI16<>"",BI16,BK16/BL16) -> 639 | AN16: =IF(BI16<>"",BI16*BJ16,BK16/BM16) -> 162.945 | AO16: =IF(ISNUMBER(AL16),AL16/AK16-1,"n.a.") -> 0.094347556 | AP16: =IF(ISNUMBER(AL16),AM16/AL16-1,"n.a.") -> 0.08 | AQ16: =AN16/AM16 -> 0.255 | AR16: =IF(ISNUMBER(AL16),AH16/AL16,"n.a.") -> 5.3603312 | AS16: =AH16/AM16 -> 4.9632696 | AT16: n.a. | AU16: =AH16/AN16 -> 19.463802 | AX16: 114684968 | AY16: 115830218 | AZ16: 114407430 | BE16: 203500000 | BF16: 12435000 | BG16: 87590000 | BI16: 639 | BJ16: 0.255 | BK16: 3253 | BL16: 5.1 | BM16: 20.5 | BN16: 0.08 | BO16: 540657000 | BQ16: 1 | BR16: 3.3 | BS16: =1 -> 1 | BT16: 0.097
B17: =V17 -> Alkami Technology | C17: PJT; JPM ref. | D17: =AB17 -> 19.69 | E17: =AD17 -> 0.46636665 | F17: =AH17 -> 2337.334 | G17: =IF(ISNUMBER(AP17),AP17,BT17) -> 0.24 | H17: =AQ17 -> 0.189 | I17: =G17+H17 -> 0.429 | J17: =AS17 -> 4.2496981 | K17: =AU17 -> 22.485175 | L17: =G17-$D$57 -> 0.087 | M17: =H17-$D$58 -> -0.17057447 | N17: =IF(AND(ABS(L17)<=$D$60,ABS(M17)<=$D$61),"Fair comp",IF(AND(I17<$D$59,J17<$D$62),"Flatters price","Not comparable")) -> Flatters price | O17: Digital banking; faster growth on a sub-scale margin | V17: Alkami Technology | W17: ALKT | X17: FS | Y17: FS ref | Z17: 19.69 | AA17: =1 -> 1 | AB17: =Z17*AA17 -> 19.69 | AC17: 42.22 | AD17: =Z17/AC17 -> 0.46636665 | AE17: =(AX17+IF(BA17<>"",BA17,AY17-AZ17)-BB17)/10^6 -> 105.00401 | AF17: =AB17*AE17 -> 2067.529 | AG17: =(SUM(BC17:BF17)-BG17-BH17)/10^6*BS17 -> 269.805 | AH17: =AF17+AG17 -> 2337.334 | AI17: =IF(BK17<>"",BK17,BR17*1000) -> 2836 | AJ17: =AH17/AI17-1 -> -0.17583428 | AK17: =(BO17*IF(BQ17>=6,IF(BQ17<=7,BQ17/12,1),1)+BP17*IF(BQ17>=6,IF(BQ17<=7,1-BQ17/12,0),0))/10^6*BS17 -> 333.849 | AL17: =IF(BN17<>"",AM17/(1+BN17),"n.a.") -> 443.54839 | AM17: =IF(BI17<>"",BI17,BK17/BL17) -> 550 | AN17: =IF(BI17<>"",BI17*BJ17,BK17/BM17) -> 103.95 | AO17: =IF(ISNUMBER(AL17),AL17/AK17-1,"n.a.") -> 0.32858983 | AP17: =IF(ISNUMBER(AL17),AM17/AL17-1,"n.a.") -> 0.24 | AQ17: =AN17/AM17 -> 0.189 | AR17: =IF(ISNUMBER(AL17),AH17/AL17,"n.a.") -> 5.2696257 | AS17: =AH17/AM17 -> 4.2496981 | AT17: n.a. | AU17: =AH17/AN17 -> 22.485175 | AX17: 105004011 | AY17: 104345319 | AZ17: 104345319 | BE17: 360717000 | BG17: 57316000 | BH17: 33596000 | BI17: 550 | BJ17: 0.189 | BK17: 2836 | BL17: 5.1 | BM17: 27.3 | BN17: 0.24 | BO17: 333849000 | BQ17: 12 | BR17: 2.8 | BS17: =1 -> 1 | BT17: 0.194
B18: =V18 -> SS&C Technologies | C18: PJT | D18: =AB18 -> 84.89 | E18: =AD18 -> 0.94113082 | F18: =AH18 -> 27720.618 | G18: =IF(ISNUMBER(AP18),AP18,BT18) -> 0.055 | H18: =AQ18 -> 0.402 | I18: =G18+H18 -> 0.457 | J18: =AS18 -> 4.1848759 | K18: =AU18 -> 10.410139 | L18: =G18-$D$57 -> -0.098 | M18: =H18-$D$58 -> 0.042425532 | N18: =IF(AND(ABS(L18)<=$D$60,ABS(M18)<=$D$61),"Fair comp",IF(AND(I18<$D$59,J18<$D$62),"Flatters price","Not comparable")) -> Flatters price | O18: Fund admin and investment software; CWAN's closest competitor but 5% growth | V18: SS&C Technologies | W18: SSNC | X18: FS | Y18: – | Z18: 84.89 | AA18: =1 -> 1 | AB18: =Z18*AA18 -> 84.89 | AC18: 90.2 | AD18: =Z18/AC18 -> 0.94113082 | AE18: =(AX18+IF(BA18<>"",BA18,AY18-AZ18)-BB18)/10^6 -> 252.8274 | AF18: =AB18*AE18 -> 21462.518 | AG18: =(SUM(BC18:BF18)-BG18-BH18)/10^6*BS18 -> 6258.1 | AH18: =AF18+AG18 -> 27720.618 | AI18: =IF(BK18<>"",BK18,BR18*1000) -> 29600 | AJ18: =AH18/AI18-1 -> -0.063492627 | AK18: =(BO18*IF(BQ18>=6,IF(BQ18<=7,BQ18/12,1),1)+BP18*IF(BQ18>=6,IF(BQ18<=7,1-BQ18/12,0),0))/10^6*BS18 -> 5882 | AL18: =IF(BN18<>"",AM18/(1+BN18),"n.a.") -> 6278.673 | AM18: =IF(BI18<>"",BI18,BK18/BL18) -> 6624 | AN18: =IF(BI18<>"",BI18*BJ18,BK18/BM18) -> 2662.848 | AO18: =IF(ISNUMBER(AL18),AL18/AK18-1,"n.a.") -> 0.067438454 | AP18: =IF(ISNUMBER(AL18),AM18/AL18-1,"n.a.") -> 0.055 | AQ18: =AN18/AM18 -> 0.402 | AR18: =IF(ISNUMBER(AL18),AH18/AL18,"n.a.") -> 4.4150441 | AS18: =AH18/AM18 -> 4.1848759 | AT18: n.a. | AU18: =AH18/AN18 -> 10.410139 | AX18: 244027403 | AY18: 252600000 | AZ18: 243800000 | BC18: 20000000 | BE18: 6573100000 | BF18: 53300000 | BG18: 388300000 | BI18: 6624 | BJ18: 0.402 | BN18: 0.055 | BO18: 5882000000 | BQ18: 12 | BR18: 29.6 | BS18: =1 -> 1 | BT18: 0.054
B19: Median | E19: =MEDIAN(E12:E18) -> 0.61468105 | G19: =MEDIAN(G12:G18) -> 0.1 | H19: =MEDIAN(H12:H18) -> 0.258 | I19: =MEDIAN(I12:I18) -> 0.429 | J19: =MEDIAN(J12:J18) -> 4.9632696 | K19: =MEDIAN(K12:K18) -> 21.261965 | V19: Median | AD19: =MEDIAN(AD12:AD18) -> 0.61468105 | AO19: =MEDIAN(AO12:AO18) -> 0.13952245 | AP19: =MEDIAN(AP12:AP18) -> 0.1 | AQ19: =MEDIAN(AQ12:AQ18) -> 0.258 | AR19: =MEDIAN(AR12:AR18) -> 5.4283996 | AS19: =MEDIAN(AS12:AS18) -> 4.9632696 | AU19: =MEDIAN(AU12:AU18) -> 21.261965
B20: 25th percentile | E20: =_xlfn.QUARTILE.INC(E12:E18,1) -> 0.56491307 | G20: =_xlfn.QUARTILE.INC(G12:G18,1) -> 0.085 | H20: =_xlfn.QUARTILE.INC(H12:H18,1) -> 0.2295 | I20: =_xlfn.QUARTILE.INC(I12:I18,1) -> 0.3465 | J20: =_xlfn.QUARTILE.INC(J12:J18,1) -> 4.6036572 | K20: =_xlfn.QUARTILE.INC(K12:K18,1) -> 15.790518 | V20: 25th percentile | AD20: =_xlfn.QUARTILE.INC(AD12:AD18,1) -> 0.56491307 | AO20: =_xlfn.QUARTILE.INC(AO12:AO18,1) -> 0.10454624 | AP20: =_xlfn.QUARTILE.INC(AP12:AP18,1) -> 0.085 | AQ20: =_xlfn.QUARTILE.INC(AQ12:AQ18,1) -> 0.2295 | AR20: =_xlfn.QUARTILE.INC(AR12:AR18,1) -> 5.3149784 | AS20: =_xlfn.QUARTILE.INC(AS12:AS18,1) -> 4.6036572 | AU20: =_xlfn.QUARTILE.INC(AU12:AU18,1) -> 15.790518
B21: 75th percentile | E21: =_xlfn.QUARTILE.INC(E12:E18,3) -> 0.74591284 | G21: =_xlfn.QUARTILE.INC(G12:G18,3) -> 0.15 | H21: =_xlfn.QUARTILE.INC(H12:H18,3) -> 0.3745 | I21: =_xlfn.QUARTILE.INC(I12:I18,3) -> 0.479 | J21: =_xlfn.QUARTILE.INC(J12:J18,3) -> 5.232885 | K21: =_xlfn.QUARTILE.INC(K12:K18,3) -> 23.393608 | V21: 75th percentile | AD21: =_xlfn.QUARTILE.INC(AD12:AD18,3) -> 0.74591284 | AO21: =_xlfn.QUARTILE.INC(AO12:AO18,3) -> 0.17365109 | AP21: =_xlfn.QUARTILE.INC(AP12:AP18,3) -> 0.15 | AQ21: =_xlfn.QUARTILE.INC(AQ12:AQ18,3) -> 0.3745 | AR21: =_xlfn.QUARTILE.INC(AR12:AR18,3) -> 5.818126 | AS21: =_xlfn.QUARTILE.INC(AS12:AS18,3) -> 5.232885 | AU21: =_xlfn.QUARTILE.INC(AU12:AU18,3) -> 23.393608
B23: Other vertical software | V23: OTHER VERTICAL SOFTWARE
B24: =V24 -> Veeva Systems | C24: Both | D24: =AB24 -> 295.75 | E24: =AD24 -> 0.9658089 | F24: =AH24 -> 43423.667 | G24: =IF(ISNUMBER(AP24),AP24,BT24) -> 0.12 | H24: =AQ24 -> 0.463 | I24: =G24+H24 -> 0.583 | J24: =AS24 -> 12.339775 | K24: =AU24 -> 26.651781 | L24: =G24-$D$57 -> -0.033 | M24: =H24-$D$58 -> 0.10342553 | N24: =IF(AND(ABS(L24)<=$D$60,ABS(M24)<=$D$61),"Fair comp",IF(AND(I24<$D$59,J24<$D$62),"Flatters price","Not comparable")) -> Not comparable | O24: Life-sciences cloud; margin 10 pts above CWAN, net cash | V24: Veeva Systems | W24: VEEV | X24: Other | Y24: Vertical | Z24: 295.75 | AA24: =1 -> 1 | AB24: =Z24*AA24 -> 295.75 | AC24: 306.22 | AD24: =Z24/AC24 -> 0.9658089 | AE24: =(AX24+IF(BA24<>"",BA24,AY24-AZ24)-BB24)/10^6 -> 169.26785 | AF24: =AB24*AE24 -> 50060.968 | AG24: =(SUM(BC24:BF24)-BG24-BH24)/10^6*BS24 -> -6637.301 | AH24: =AF24+AG24 -> 43423.667 | AI24: =IF(BK24<>"",BK24,BR24*1000) -> 30889 | AJ24: =AH24/AI24-1 -> 0.40579712 | AK24: =(BO24*IF(BQ24>=6,IF(BQ24<=7,BQ24/12,1),1)+BP24*IF(BQ24>=6,IF(BQ24<=7,1-BQ24/12,0),0))/10^6*BS24 -> 2746.619 | AL24: =IF(BN24<>"",AM24/(1+BN24),"n.a.") -> 3141.9643 | AM24: =IF(BI24<>"",BI24,BK24/BL24) -> 3519 | AN24: =IF(BI24<>"",BI24*BJ24,BK24/BM24) -> 1629.297 | AO24: =IF(ISNUMBER(AL24),AL24/AK24-1,"n.a.") -> 0.14393889 | AP24: =IF(ISNUMBER(AL24),AM24/AL24-1,"n.a.") -> 0.12 | AQ24: =AN24/AM24 -> 0.463 | AR24: =IF(ISNUMBER(AL24),AH24/AL24,"n.a.") -> 13.820548 | AS24: =AH24/AM24 -> 12.339775 | AT24: n.a. | AU24: =AH24/AN24 -> 26.651781 | AX24: 164381855 | AY24: 168935000 | AZ24: 164049000 | BG24: 1660137000 | BH24: 4977164000 | BI24: 3519 | BJ24: 0.463 | BK24: 30889 | BL24: 8.8 | BM24: 19.3 | BN24: 0.12 | BO24: 2746619000 | BQ24: 1 | BR24: 30.7 | BS24: =1 -> 1 | BT24: 0.121
B25: =V25 -> Nemetschek | C25: J.P. Morgan | D25: =AB25 -> 107.25305 | E25: =AD25 -> 0.67465505 | F25: =AH25 -> 12589.31 | G25: =IF(ISNUMBER(AP25),AP25,BT25) -> 0.13 | H25: =AQ25 -> 0.32283465 | I25: =G25+H25 -> 0.45283465 | J25: =AS25 -> 7.9636154 | K25: =AU25 -> 24.667784 | L25: =G25-$D$57 -> -0.023 | M25: =H25-$D$58 -> -0.036739822 | N25: =IF(AND(ABS(L25)<=$D$60,ABS(M25)<=$D$61),"Fair comp",IF(AND(I25<$D$59,J25<$D$62),"Flatters price","Not comparable")) -> Fair comp | O25: AEC design software (EUR listing); similar profile | V25: Nemetschek | W25: NEM GR | X25: – | Y25: Vertical | Z25: 92.9 | AA25: =$X$79 -> 1.1545 | AB25: =Z25*AA25 -> 107.25305 | AC25: 137.7 | AD25: =Z25/AC25 -> 0.67465505 | AE25: =(AX25+IF(BA25<>"",BA25,AY25-AZ25)-BB25)/10^6 -> 115.46614 | AF25: =AB25*AE25 -> 12384.096 | AG25: =(SUM(BC25:BF25)-BG25-BH25)/10^6*BS25 -> 205.21468 | AH25: =AF25+AG25 -> 12589.31 | AI25: =IF(BK25<>"",BK25,BR25*1000) -> 12963 | AJ25: =AH25/AI25-1 -> -0.028827395 | AK25: =(BO25*IF(BQ25>=6,IF(BQ25<=7,BQ25/12,1),1)+BP25*IF(BQ25>=6,IF(BQ25<=7,1-BQ25/12,0),0))/10^6*BS25 -> 1149.3798 | AL25: =IF(BN25<>"",AM25/(1+BN25),"n.a.") -> 1398.9855 | AM25: =IF(BI25<>"",BI25,BK25/BL25) -> 1580.8537 | AN25: =IF(BI25<>"",BI25*BJ25,BK25/BM25) -> 510.35433 | AO25: =IF(ISNUMBER(AL25),AL25/AK25-1,"n.a.") -> 0.21716559 | AP25: =IF(ISNUMBER(AL25),AM25/AL25-1,"n.a.") -> 0.13 | AQ25: =AN25/AM25 -> 0.32283465 | AR25: =IF(ISNUMBER(AL25),AH25/AL25,"n.a.") -> 8.9988854 | AS25: =AH25/AM25 -> 7.9636154 | AT25: n.a. | AU25: =AH25/AN25 -> 24.667784 | AX25: 115466141 | AY25: 115478620 | AZ25: 115478620 | BE25: 449516000 | BF25: 35734000 | BG25: 307498000 | BK25: 12963 | BL25: 8.2 | BM25: 25.4 | BN25: 0.13 | BO25: 995565000 | BQ25: 12 | BS25: =$X$79 -> 1.1545
B26: =V26 -> Bentley Systems | C26: J.P. Morgan | D26: =AB26 -> 46.32 | E26: =AD26 -> 0.78882834 | F26: =AH26 -> 15197.13 | G26: =IF(ISNUMBER(AP26),AP26,BT26) -> 0.11 | H26: =AQ26 -> 0.3632287 | I26: =G26+H26 -> 0.4732287 | J26: =AS26 -> 9.2526125 | K26: =AU26 -> 25.473242 | L26: =G26-$D$57 -> -0.043 | M26: =H26-$D$58 -> 0.0036542315 | N26: =IF(AND(ABS(L26)<=$D$60,ABS(M26)<=$D$61),"Fair comp",IF(AND(I26<$D$59,J26<$D$62),"Flatters price","Not comparable")) -> Fair comp | O26: Infrastructure engineering software; similar profile | V26: Bentley Systems | W26: BSY | X26: – | Y26: Vertical | Z26: 46.32 | AA26: =1 -> 1 | AB26: =Z26*AA26 -> 46.32 | AC26: 58.72 | AD26: =Z26/AC26 -> 0.78882834 | AE26: =(AX26+IF(BA26<>"",BA26,AY26-AZ26)-BB26)/10^6 -> 304.73049 | AF26: =AB26*AE26 -> 14115.116 | AG26: =(SUM(BC26:BF26)-BG26-BH26)/10^6*BS26 -> 1082.014 | AH26: =AF26+AG26 -> 15197.13 | AI26: =IF(BK26<>"",BK26,BR26*1000) -> 13304 | AJ26: =AH26/AI26-1 -> 0.14229784 | AK26: =(BO26*IF(BQ26>=6,IF(BQ26<=7,BQ26/12,1),1)+BP26*IF(BQ26>=6,IF(BQ26<=7,1-BQ26/12,0),0))/10^6*BS26 -> 1353.095 | AL26: =IF(BN26<>"",AM26/(1+BN26),"n.a.") -> 1479.7019 | AM26: =IF(BI26<>"",BI26,BK26/BL26) -> 1642.4691 | AN26: =IF(BI26<>"",BI26*BJ26,BK26/BM26) -> 596.59193 | AO26: =IF(ISNUMBER(AL26),AL26/AK26-1,"n.a.") -> 0.093568393 | AP26: =IF(ISNUMBER(AL26),AM26/AL26-1,"n.a.") -> 0.11 | AQ26: =AN26/AM26 -> 0.3632287 | AR26: =IF(ISNUMBER(AL26),AH26/AL26,"n.a.") -> 10.2704 | AS26: =AH26/AM26 -> 9.2526125 | AT26: n.a. | AU26: =AH26/AN26 -> 25.473242 | AX26: 303557068 | AY26: 333277478 | AZ26: 314626191 | BB26: 17477861 | BE26: 1247378000 | BF26: 47000 | BG26: 165411000 | BK26: 13304 | BL26: 8.1 | BM26: 22.3 | BN26: 0.11 | BO26: 1353095000 | BQ26: 12 | BS26: =1 -> 1
B27: =V27 -> Procore Technologies | C27: Both | D27: =AB27 -> 79.16 | E27: =AD27 -> 0.89618476 | F27: =AH27 -> 11623.018 | G27: =IF(ISNUMBER(AP27),AP27,BT27) -> 0.12 | H27: =AQ27 -> 0.244 | I27: =G27+H27 -> 0.364 | J27: =AS27 -> 7.9283889 | K27: =AU27 -> 32.493397 | L27: =G27-$D$57 -> -0.033 | M27: =H27-$D$58 -> -0.11557447 | N27: =IF(AND(ABS(L27)<=$D$60,ABS(M27)<=$D$61),"Fair comp",IF(AND(I27<$D$59,J27<$D$62),"Flatters price","Not comparable")) -> Flatters price | O27: Construction SaaS; margin 12 pts below CWAN | V27: Procore Technologies | W27: PCOR | X27: Other | Y27: Vertical | Z27: 79.16 | AA27: =1 -> 1 | AB27: =Z27*AA27 -> 79.16 | AC27: 88.33 | AD27: =Z27/AC27 -> 0.89618476 | AE27: =(AX27+IF(BA27<>"",BA27,AY27-AZ27)-BB27)/10^6 -> 155.46986 | AF27: =AB27*AE27 -> 12306.994 | AG27: =(SUM(BC27:BF27)-BG27-BH27)/10^6*BS27 -> -683.976 | AH27: =AF27+AG27 -> 11623.018 | AI27: =IF(BK27<>"",BK27,BR27*1000) -> 11588 | AJ27: =AH27/AI27-1 -> 0.0030219294 | AK27: =(BO27*IF(BQ27>=6,IF(BQ27<=7,BQ27/12,1),1)+BP27*IF(BQ27>=6,IF(BQ27<=7,1-BQ27/12,0),0))/10^6*BS27 -> 1151.708 | AL27: =IF(BN27<>"",AM27/(1+BN27),"n.a.") -> 1308.9286 | AM27: =IF(BI27<>"",BI27,BK27/BL27) -> 1466 | AN27: =IF(BI27<>"",BI27*BJ27,BK27/BM27) -> 357.704 | AO27: =IF(ISNUMBER(AL27),AL27/AK27-1,"n.a.") -> 0.13651079 | AP27: =IF(ISNUMBER(AL27),AM27/AL27-1,"n.a.") -> 0.12 | AQ27: =AN27/AM27 -> 0.244 | AR27: =IF(ISNUMBER(AL27),AH27/AL27,"n.a.") -> 8.8797956 | AS27: =AH27/AM27 -> 7.9283889 | AT27: n.a. | AU27: =AH27/AN27 -> 32.493397 | AX27: 155469860 | AY27: 150278399 | AZ27: 150278399 | BG27: 350496000 | BH27: 333480000 | BI27: 1466 | BJ27: 0.244 | BK27: 11588 | BL27: 7.9 | BM27: 32.3 | BN27: 0.12 | BO27: 1151708000 | BQ27: 12 | BR27: 11.6 | BS27: =1 -> 1 | BT27: 0.12
B28: =V28 -> Cellebrite | C28: J.P. Morgan | D28: =AB28 -> 15.61 | E28: =AD28 -> 0.60038462 | F28: =AH28 -> 3387.403 | G28: =IF(ISNUMBER(AP28),AP28,BT28) -> 0.17 | H28: =AQ28 -> 0.27241379 | I28: =G28+H28 -> 0.44241379 | J28: =AS28 -> 6.1236806 | K28: =AU28 -> 22.479334 | L28: =G28-$D$57 -> 0.017 | M28: =H28-$D$58 -> -0.087160675 | N28: =IF(AND(ABS(L28)<=$D$60,ABS(M28)<=$D$61),"Fair comp",IF(AND(I28<$D$59,J28<$D$62),"Flatters price","Not comparable")) -> Fair comp | O28: Digital forensics; similar growth, lower margin | V28: Cellebrite | W28: CLBT | X28: – | Y28: Vertical | Z28: 15.61 | AA28: =1 -> 1 | AB28: =Z28*AA28 -> 15.61 | AC28: 26 | AD28: =Z28/AC28 -> 0.60038462 | AE28: =(AX28+IF(BA28<>"",BA28,AY28-AZ28)-BB28)/10^6 -> 250.68002 | AF28: =AB28*AE28 -> 3913.115 | AG28: =(SUM(BC28:BF28)-BG28-BH28)/10^6*BS28 -> -525.712 | AH28: =AF28+AG28 -> 3387.403 | AI28: =IF(BK28<>"",BK28,BR28*1000) -> 4370 | AJ28: =AH28/AI28-1 -> -0.22485056 | AK28: =(BO28*IF(BQ28>=6,IF(BQ28<=7,BQ28/12,1),1)+BP28*IF(BQ28>=6,IF(BQ28<=7,1-BQ28/12,0),0))/10^6*BS28 -> 401.203 | AL28: =IF(BN28<>"",AM28/(1+BN28),"n.a.") -> 472.79022 | AM28: =IF(BI28<>"",BI28,BK28/BL28) -> 553.16456 | AN28: =IF(BI28<>"",BI28*BJ28,BK28/BM28) -> 150.68966 | AO28: =IF(ISNUMBER(AL28),AL28/AK28-1,"n.a.") -> 0.17843142 | AP28: =IF(ISNUMBER(AL28),AM28/AL28-1,"n.a.") -> 0.17 | AQ28: =AN28/AM28 -> 0.27241379 | AR28: =IF(ISNUMBER(AL28),AH28/AL28,"n.a.") -> 7.1647063 | AS28: =AH28/AM28 -> 6.1236806 | AT28: n.a. | AU28: =AH28/AN28 -> 22.479334 | AX28: 244469106 | AY28: 249719713 | AZ28: 243508803 | BG28: 281361000 | BH28: 244351000 | BK28: 4370 | BL28: 7.9 | BM28: 29 | BN28: 0.17 | BO28: 401203000 | BQ28: 12 | BS28: =1 -> 1
B29: =V29 -> Tyler Technologies | C29: PJT | D29: =AB29 -> 464.48 | E29: =AD29 -> 0.7181866 | F29: =AH29 -> 19958.601 | G29: =IF(ISNUMBER(AP29),AP29,BT29) -> 0.1 | H29: =AQ29 -> 0.291 | I29: =G29+H29 -> 0.391 | J29: =AS29 -> 7.8054754 | K29: =AU29 -> 26.82294 | L29: =G29-$D$57 -> -0.053 | M29: =H29-$D$58 -> -0.068574468 | N29: =IF(AND(ABS(L29)<=$D$60,ABS(M29)<=$D$61),"Fair comp",IF(AND(I29<$D$59,J29<$D$62),"Flatters price","Not comparable")) -> Flatters price | O29: Public-sector software; growth 5 pts below CWAN | V29: Tyler Technologies | W29: TYL | X29: Other | Y29: – | Z29: 464.48 | AA29: =1 -> 1 | AB29: =Z29*AA29 -> 464.48 | AC29: 646.74 | AD29: =Z29/AC29 -> 0.7181866 | AE29: =(AX29+IF(BA29<>"",BA29,AY29-AZ29)-BB29)/10^6 -> 43.726728 | AF29: =AB29*AE29 -> 20310.191 | AG29: =(SUM(BC29:BF29)-BG29-BH29)/10^6*BS29 -> -351.59 | AH29: =AF29+AG29 -> 19958.601 | AI29: =IF(BK29<>"",BK29,BR29*1000) -> 19800 | AJ29: =AH29/AI29-1 -> 0.0080101324 | AK29: =(BO29*IF(BQ29>=6,IF(BQ29<=7,BQ29/12,1),1)+BP29*IF(BQ29>=6,IF(BQ29<=7,1-BQ29/12,0),0))/10^6*BS29 -> 2137.803 | AL29: =IF(BN29<>"",AM29/(1+BN29),"n.a.") -> 2324.5455 | AM29: =IF(BI29<>"",BI29,BK29/BL29) -> 2557 | AN29: =IF(BI29<>"",BI29*BJ29,BK29/BM29) -> 744.087 | AO29: =IF(ISNUMBER(AL29),AL29/AK29-1,"n.a.") -> 0.087352508 | AP29: =IF(ISNUMBER(AL29),AM29/AL29-1,"n.a.") -> 0.1 | AQ29: =AN29/AM29 -> 0.291 | AR29: =IF(ISNUMBER(AL29),AH29/AL29,"n.a.") -> 8.586023 | AS29: =AH29/AM29 -> 7.8054754 | AT29: n.a. | AU29: =AH29/AN29 -> 26.82294 | AX29: 43027728 | AY29: 43834000 | AZ29: 43135000 | BC29: 599231000 | BG29: 834101000 | BH29: 116720000 | BI29: 2557 | BJ29: 0.291 | BN29: 0.1 | BO29: 2137803000 | BQ29: 12 | BR29: 19.8 | BS29: =1 -> 1 | BT29: 0.094
B30: =V30 -> AppFolio | C30: J.P. Morgan | D30: =AB30 -> 254.96 | E30: =AD30 -> 0.79364981 | F30: =AH30 -> 9052.6987 | G30: =IF(ISNUMBER(AP30),AP30,BT30) -> 0.18 | H30: =AQ30 -> 0.27881041 | I30: =G30+H30 -> 0.45881041 | J30: =AS30 -> 8.0914361 | K30: =AU30 -> 29.021284 | L30: =G30-$D$57 -> 0.027 | M30: =H30-$D$58 -> -0.080764059 | N30: =IF(AND(ABS(L30)<=$D$60,ABS(M30)<=$D$61),"Fair comp",IF(AND(I30<$D$59,J30<$D$62),"Flatters price","Not comparable")) -> Fair comp | O30: Property-management SaaS; similar growth, lower margin | V30: AppFolio | W30: APPF | X30: – | Y30: Vertical | Z30: 254.96 | AA30: =1 -> 1 | AB30: =Z30*AA30 -> 254.96 | AC30: 321.25 | AD30: =Z30/AC30 -> 0.79364981 | AE30: =(AX30+IF(BA30<>"",BA30,AY30-AZ30)-BB30)/10^6 -> 36.29137 | AF30: =AB30*AE30 -> 9252.8477 | AG30: =(SUM(BC30:BF30)-BG30-BH30)/10^6*BS30 -> -200.149 | AH30: =AF30+AG30 -> 9052.6987 | AI30: =IF(BK30<>"",BK30,BR30*1000) -> 8391 | AJ30: =AH30/AI30-1 -> 0.078858145 | AK30: =(BO30*IF(BQ30>=6,IF(BQ30<=7,BQ30/12,1),1)+BP30*IF(BQ30>=6,IF(BQ30<=7,1-BQ30/12,0),0))/10^6*BS30 -> 794.202 | AL30: =IF(BN30<>"",AM30/(1+BN30),"n.a.") -> 948.13559 | AM30: =IF(BI30<>"",BI30,BK30/BL30) -> 1118.8 | AN30: =IF(BI30<>"",BI30*BJ30,BK30/BM30) -> 311.93309 | AO30: =IF(ISNUMBER(AL30),AL30/AK30-1,"n.a.") -> 0.19382171 | AP30: =IF(ISNUMBER(AL30),AM30/AL30-1,"n.a.") -> 0.18 | AQ30: =AN30/AM30 -> 0.27881041 | AR30: =IF(ISNUMBER(AL30),AH30/AL30,"n.a.") -> 9.5478946 | AS30: =AH30/AM30 -> 8.0914361 | AT30: n.a. | AU30: =AH30/AN30 -> 29.021284 | AX30: 35921370 | AY30: 36259000 | AZ30: 35889000 | BG30: 76093000 | BH30: 124056000 | BK30: 8391 | BL30: 7.5 | BM30: 26.9 | BN30: 0.18 | BO30: 794202000 | BQ30: 12 | BS30: =1 -> 1
B31: =V31 -> Vertex | C31: PJT | D31: =AB31 -> 19.19 | E31: =AD31 -> 0.32553011 | F31: =AH31 -> 3137.0414 | G31: =IF(ISNUMBER(AP31),AP31,BT31) -> 0.111 | H31: =AQ31 -> 0.224 | I31: =G31+H31 -> 0.335 | J31: =AS31 -> 3.7978709 | K31: =AU31 -> 16.954781 | L31: =G31-$D$57 -> -0.042 | M31: =H31-$D$58 -> -0.13557447 | N31: =IF(AND(ABS(L31)<=$D$60,ABS(M31)<=$D$61),"Fair comp",IF(AND(I31<$D$59,J31<$D$62),"Flatters price","Not comparable")) -> Flatters price | O31: Tax software; low margin, stock 67% below 52-week high | V31: Vertex | W31: VERX | X31: Other | Y31: – | Z31: 19.19 | AA31: =1 -> 1 | AB31: =Z31*AA31 -> 19.19 | AC31: 58.95 | AD31: =Z31/AC31 -> 0.32553011 | AE31: =(AX31+IF(BA31<>"",BA31,AY31-AZ31)-BB31)/10^6 -> 162.25296 | AF31: =AB31*AE31 -> 3113.6344 | AG31: =(SUM(BC31:BF31)-BG31-BH31)/10^6*BS31 -> 23.407 | AH31: =AF31+AG31 -> 3137.0414 | AI31: =IF(BK31<>"",BK31,BR31*1000) -> 3300 | AJ31: =AH31/AI31-1 -> -0.0493814 | AK31: =(BO31*IF(BQ31>=6,IF(BQ31<=7,BQ31/12,1),1)+BP31*IF(BQ31>=6,IF(BQ31<=7,1-BQ31/12,0),0))/10^6*BS31 -> 666.776 | AL31: =IF(BN31<>"",AM31/(1+BN31),"n.a.") -> n.a. | AM31: =IF(BI31<>"",BI31,BK31/BL31) -> 826 | AN31: =IF(BI31<>"",BI31*BJ31,BK31/BM31) -> 185.024 | AO31: =IF(ISNUMBER(AL31),AL31/AK31-1,"n.a.") -> n.a. | AP31: =IF(ISNUMBER(AL31),AM31/AL31-1,"n.a.") -> n.a. | AQ31: =AN31/AM31 -> 0.224 | AR31: =IF(ISNUMBER(AL31),AH31/AL31,"n.a.") -> n.a. | AS31: =AH31/AM31 -> 3.7978709 | AT31: n.a. | AU31: =AH31/AN31 -> 16.954781 | AX31: 159527964 | AY31: 81865000 | AZ31: 77361000 | BA31: 2725000 | BE31: 336913000 | BG31: 313506000 | BI31: 826 | BJ31: 0.224 | BO31: 666776000 | BQ31: 12 | BR31: 3.3 | BS31: =1 -> 1 | BT31: 0.111
B32: Median | E32: =MEDIAN(E24:E31) -> 0.75350747 | G32: =MEDIAN(G24:G31) -> 0.12 | H32: =MEDIAN(H24:H31) -> 0.2849052 | I32: =MEDIAN(I24:I31) -> 0.44762422 | J32: =MEDIAN(J24:J31) -> 7.9460021 | K32: =MEDIAN(K24:K31) -> 26.062512 | V32: Median | AD32: =MEDIAN(AD24:AD31) -> 0.75350747 | AO32: =MEDIAN(AO24:AO31) -> 0.14393889 | AP32: =MEDIAN(AP24:AP31) -> 0.12 | AQ32: =MEDIAN(AQ24:AQ31) -> 0.2849052 | AR32: =MEDIAN(AR24:AR31) -> 8.9988854 | AS32: =MEDIAN(AS24:AS31) -> 7.9460021 | AU32: =MEDIAN(AU24:AU31) -> 26.062512
B33: 25th percentile | E33: =_xlfn.QUARTILE.INC(E24:E31,1) -> 0.65608744 | G33: =_xlfn.QUARTILE.INC(G24:G31,1) -> 0.11075 | H33: =_xlfn.QUARTILE.INC(H24:H31,1) -> 0.26531034 | I33: =_xlfn.QUARTILE.INC(I24:I31,1) -> 0.38425 | J33: =_xlfn.QUARTILE.INC(J24:J31,1) -> 7.3850267 | K33: =_xlfn.QUARTILE.INC(K24:K31,1) -> 24.120672 | V33: 25th percentile | AD33: =_xlfn.QUARTILE.INC(AD24:AD31,1) -> 0.65608744 | AO33: =_xlfn.QUARTILE.INC(AO24:AO31,1) -> 0.11503959 | AP33: =_xlfn.QUARTILE.INC(AP24:AP31,1) -> 0.115 | AQ33: =_xlfn.QUARTILE.INC(AQ24:AQ31,1) -> 0.26531034 | AR33: =_xlfn.QUARTILE.INC(AR24:AR31,1) -> 8.7329093 | AS33: =_xlfn.QUARTILE.INC(AS24:AS31,1) -> 7.3850267 | AU33: =_xlfn.QUARTILE.INC(AU24:AU31,1) -> 24.120672
B34: 75th percentile | E34: =_xlfn.QUARTILE.INC(E24:E31,3) -> 0.81928354 | G34: =_xlfn.QUARTILE.INC(G24:G31,3) -> 0.14 | H34: =_xlfn.QUARTILE.INC(H24:H31,3) -> 0.33293316 | I34: =_xlfn.QUARTILE.INC(I24:I31,3) -> 0.46241498 | J34: =_xlfn.QUARTILE.INC(J24:J31,3) -> 8.3817302 | K34: =_xlfn.QUARTILE.INC(K24:K31,3) -> 27.372526 | V34: 75th percentile | AD34: =_xlfn.QUARTILE.INC(AD24:AD31,3) -> 0.81928354 | AO34: =_xlfn.QUARTILE.INC(AO24:AO31,3) -> 0.18612657 | AP34: =_xlfn.QUARTILE.INC(AP24:AP31,3) -> 0.15 | AQ34: =_xlfn.QUARTILE.INC(AQ24:AQ31,3) -> 0.33293316 | AR34: =_xlfn.QUARTILE.INC(AR24:AR31,3) -> 9.9091472 | AS34: =_xlfn.QUARTILE.INC(AS24:AS31,3) -> 8.3817302 | AU34: =_xlfn.QUARTILE.INC(AU24:AU31,3) -> 27.372526
B36: Other software | V36: OTHER SOFTWARE
B37: =V37 -> Descartes Systems | C37: J.P. Morgan | D37: =AB37 -> 82.792786 | E37: =AD37 -> 0.66242728 | F37: =AH37 -> 6976.9068 | G37: =IF(ISNUMBER(AP37),AP37,BT37) -> 0.11 | H37: =AQ37 -> 0.46376812 | I37: =G37+H37 -> 0.57376812 | J37: =AS37 -> 8.7955752 | K37: =AU37 -> 18.965459 | L37: =G37-$D$57 -> -0.043 | M37: =H37-$D$58 -> 0.10419365 | N37: =IF(AND(ABS(L37)<=$D$60,ABS(M37)<=$D$61),"Fair comp",IF(AND(I37<$D$59,J37<$D$62),"Flatters price","Not comparable")) -> Not comparable | O37: Logistics SaaS; margin 10 pts above CWAN | V37: Descartes Systems | W37: DSG CN | X37: – | Y37: Other | Z37: 116.15 | AA37: =1/$X$80 -> 0.71280918 | AB37: =Z37*AA37 -> 82.792786 | AC37: 175.34 | AD37: =Z37/AC37 -> 0.66242728 | AE37: =(AX37+IF(BA37<>"",BA37,AY37-AZ37)-BB37)/10^6 -> 87.636823 | AF37: =AB37*AE37 -> 7255.6968 | AG37: =(SUM(BC37:BF37)-BG37-BH37)/10^6*BS37 -> -278.79 | AH37: =AF37+AG37 -> 6976.9068 | AI37: =IF(BK37<>"",BK37,BR37*1000) -> 7615 | AJ37: =AH37/AI37-1 -> -0.083794253 | AK37: =(BO37*IF(BQ37>=6,IF(BQ37<=7,BQ37/12,1),1)+BP37*IF(BQ37>=6,IF(BQ37<=7,1-BQ37/12,0),0))/10^6*BS37 -> 651 | AL37: =IF(BN37<>"",AM37/(1+BN37),"n.a.") -> 714.62087 | AM37: =IF(BI37<>"",BI37,BK37/BL37) -> 793.22917 | AN37: =IF(BI37<>"",BI37*BJ37,BK37/BM37) -> 367.8744 | AO37: =IF(ISNUMBER(AL37),AL37/AK37-1,"n.a.") -> 0.097727912 | AP37: =IF(ISNUMBER(AL37),AM37/AL37-1,"n.a.") -> 0.11 | AQ37: =AN37/AM37 -> 0.46376812 | AR37: =IF(ISNUMBER(AL37),AH37/AL37,"n.a.") -> 9.7630884 | AS37: =AH37/AM37 -> 8.7955752 | AT37: n.a. | AU37: =AH37/AN37 -> 18.965459 | AX37: 85986823 | AY37: 87610000 | AZ37: 85960000 | BG37: 278790000 | BK37: 7615 | BL37: 9.6 | BM37: 20.7 | BN37: 0.11 | BO37: 651000000 | BQ37: 1 | BS37: =1 -> 1
B38: =V38 -> Autodesk | C38: J.P. Morgan | D38: =AB38 -> 298.72 | E38: =AD38 -> 0.91410386 | F38: =AH38 -> 64119.08 | G38: =IF(ISNUMBER(AP38),AP38,BT38) -> 0.11 | H38: =AQ38 -> 0.40186916 | I38: =G38+H38 -> 0.51186916 | J38: =AS38 -> 8.1789393 | K38: =AU38 -> 20.352244 | L38: =G38-$D$57 -> -0.043 | M38: =H38-$D$58 -> 0.042294691 | N38: =IF(AND(ABS(L38)<=$D$60,ABS(M38)<=$D$61),"Fair comp",IF(AND(I38<$D$59,J38<$D$62),"Flatters price","Not comparable")) -> Fair comp | O38: Design software at scale; similar Rule-of-40 | V38: Autodesk | W38: ADSK | X38: – | Y38: Other | Z38: 298.72 | AA38: =1 -> 1 | AB38: =Z38*AA38 -> 298.72 | AC38: 326.79 | AD38: =Z38/AC38 -> 0.91410386 | AE38: =(AX38+IF(BA38<>"",BA38,AY38-AZ38)-BB38)/10^6 -> 214 | AF38: =AB38*AE38 -> 63926.08 | AG38: =(SUM(BC38:BF38)-BG38-BH38)/10^6*BS38 -> 193 | AH38: =AF38+AG38 -> 64119.08 | AI38: =IF(BK38<>"",BK38,BR38*1000) -> 67420 | AJ38: =AH38/AI38-1 -> -0.048960546 | AK38: =(BO38*IF(BQ38>=6,IF(BQ38<=7,BQ38/12,1),1)+BP38*IF(BQ38>=6,IF(BQ38<=7,1-BQ38/12,0),0))/10^6*BS38 -> 6131 | AL38: =IF(BN38<>"",AM38/(1+BN38),"n.a.") -> 7062.644 | AM38: =IF(BI38<>"",BI38,BK38/BL38) -> 7839.5349 | AN38: =IF(BI38<>"",BI38*BJ38,BK38/BM38) -> 3150.4673 | AO38: =IF(ISNUMBER(AL38),AL38/AK38-1,"n.a.") -> 0.15195629 | AP38: =IF(ISNUMBER(AL38),AM38/AL38-1,"n.a.") -> 0.11 | AQ38: =AN38/AM38 -> 0.40186916 | AR38: =IF(ISNUMBER(AL38),AH38/AL38,"n.a.") -> 9.0786226 | AS38: =AH38/AM38 -> 8.1789393 | AT38: n.a. | AU38: =AH38/AN38 -> 20.352244 | AX38: 212000000 | AY38: 215000000 | AZ38: 213000000 | BE38: 2482000000 | BG38: 1989000000 | BH38: 300000000 | BK38: 67420 | BL38: 8.6 | BM38: 21.4 | BN38: 0.11 | BO38: 6131000000 | BQ38: 1 | BS38: =1 -> 1
B39: =V39 -> Atlassian | C39: J.P. Morgan | D39: =AB39 -> 159.13 | E39: =AD39 -> 0.49275407 | F39: =AH39 -> 40078.612 | G39: =IF(ISNUMBER(AP39),AP39,BT39) -> 0.2 | H39: =AQ39 -> 0.26556017 | I39: =G39+H39 -> 0.46556017 | J39: =AS39 -> 5.7744961 | K39: =AU39 -> 21.744587 | L39: =G39-$D$57 -> 0.047 | M39: =H39-$D$58 -> -0.094014302 | N39: =IF(AND(ABS(L39)<=$D$60,ABS(M39)<=$D$61),"Fair comp",IF(AND(I39<$D$59,J39<$D$62),"Flatters price","Not comparable")) -> Fair comp | O39: Collaboration SaaS; faster growth, lower margin | V39: Atlassian | W39: TEAM | X39: – | Y39: Other | Z39: 159.13 | AA39: =1 -> 1 | AB39: =Z39*AA39 -> 159.13 | AC39: 322.94 | AD39: =Z39/AC39 -> 0.49275407 | AE39: =(AX39+IF(BA39<>"",BA39,AY39-AZ39)-BB39)/10^6 -> 263.1111 | AF39: =AB39*AE39 -> 41868.869 | AG39: =(SUM(BC39:BF39)-BG39-BH39)/10^6*BS39 -> -1790.257 | AH39: =AF39+AG39 -> 40078.612 | AI39: =IF(BK39<>"",BK39,BR39*1000) -> 44420 | AJ39: =AH39/AI39-1 -> -0.097734984 | AK39: =(BO39*IF(BQ39>=6,IF(BQ39<=7,BQ39/12,1),1)+BP39*IF(BQ39>=6,IF(BQ39<=7,1-BQ39/12,0),0))/10^6*BS39 -> 4786.9535 | AL39: =IF(BN39<>"",AM39/(1+BN39),"n.a.") -> 5783.8542 | AM39: =IF(BI39<>"",BI39,BK39/BL39) -> 6940.625 | AN39: =IF(BI39<>"",BI39*BJ39,BK39/BM39) -> 1843.1535 | AO39: =IF(ISNUMBER(AL39),AL39/AK39-1,"n.a.") -> 0.20825368 | AP39: =IF(ISNUMBER(AL39),AM39/AL39-1,"n.a.") -> 0.2 | AQ39: =AN39/AM39 -> 0.26556017 | AR39: =IF(ISNUMBER(AL39),AH39/AL39,"n.a.") -> 6.9293953 | AS39: =AH39/AM39 -> 5.7744961 | AT39: n.a. | AU39: =AH39/AN39 -> 21.744587 | AX39: 263111098 | AY39: 262991000 | AZ39: 262991000 | BE39: 988143000 | BG39: 2322360000 | BH39: 456040000 | BK39: 44420 | BL39: 6.4 | BM39: 24.1 | BN39: 0.2 | BO39: 4358603000 | BP39: 5215304000 | BQ39: 6 | BS39: =1 -> 1
B40: Median | E40: =MEDIAN(E37:E39) -> 0.66242728 | G40: =MEDIAN(G37:G39) -> 0.11 | H40: =MEDIAN(H37:H39) -> 0.40186916 | I40: =MEDIAN(I37:I39) -> 0.51186916 | J40: =MEDIAN(J37:J39) -> 8.1789393 | K40: =MEDIAN(K37:K39) -> 20.352244 | V40: Median | AD40: =MEDIAN(AD37:AD39) -> 0.66242728 | AO40: =MEDIAN(AO37:AO39) -> 0.15195629 | AP40: =MEDIAN(AP37:AP39) -> 0.11 | AQ40: =MEDIAN(AQ37:AQ39) -> 0.40186916 | AR40: =MEDIAN(AR37:AR39) -> 9.0786226 | AS40: =MEDIAN(AS37:AS39) -> 8.1789393 | AU40: =MEDIAN(AU37:AU39) -> 20.352244
B41: 25th percentile | E41: =_xlfn.QUARTILE.INC(E37:E39,1) -> 0.57759068 | G41: =_xlfn.QUARTILE.INC(G37:G39,1) -> 0.11 | H41: =_xlfn.QUARTILE.INC(H37:H39,1) -> 0.33371466 | I41: =_xlfn.QUARTILE.INC(I37:I39,1) -> 0.48871466 | J41: =_xlfn.QUARTILE.INC(J37:J39,1) -> 6.9767177 | K41: =_xlfn.QUARTILE.INC(K37:K39,1) -> 19.658852 | V41: 25th percentile | AD41: =_xlfn.QUARTILE.INC(AD37:AD39,1) -> 0.57759068 | AO41: =_xlfn.QUARTILE.INC(AO37:AO39,1) -> 0.1248421 | AP41: =_xlfn.QUARTILE.INC(AP37:AP39,1) -> 0.11 | AQ41: =_xlfn.QUARTILE.INC(AQ37:AQ39,1) -> 0.33371466 | AR41: =_xlfn.QUARTILE.INC(AR37:AR39,1) -> 8.004009 | AS41: =_xlfn.QUARTILE.INC(AS37:AS39,1) -> 6.9767177 | AU41: =_xlfn.QUARTILE.INC(AU37:AU39,1) -> 19.658852
B42: 75th percentile | E42: =_xlfn.QUARTILE.INC(E37:E39,3) -> 0.78826557 | G42: =_xlfn.QUARTILE.INC(G37:G39,3) -> 0.155 | H42: =_xlfn.QUARTILE.INC(H37:H39,3) -> 0.43281864 | I42: =_xlfn.QUARTILE.INC(I37:I39,3) -> 0.54281864 | J42: =_xlfn.QUARTILE.INC(J37:J39,3) -> 8.4872572 | K42: =_xlfn.QUARTILE.INC(K37:K39,3) -> 21.048416 | V42: 75th percentile | AD42: =_xlfn.QUARTILE.INC(AD37:AD39,3) -> 0.78826557 | AO42: =_xlfn.QUARTILE.INC(AO37:AO39,3) -> 0.18010499 | AP42: =_xlfn.QUARTILE.INC(AP37:AP39,3) -> 0.155 | AQ42: =_xlfn.QUARTILE.INC(AQ37:AQ39,3) -> 0.43281864 | AR42: =_xlfn.QUARTILE.INC(AR37:AR39,3) -> 9.4208555 | AS42: =_xlfn.QUARTILE.INC(AS37:AS39,3) -> 8.4872572 | AU42: =_xlfn.QUARTILE.INC(AU37:AU39,3) -> 21.048416
B44: All peers | V44: ALL PEERS
B45: Median | E45: {=MEDIAN(IF(ISNUMBER(E$12:E$39)*($W$12:$W$39<>""),E$12:E$39))} -> 0.66854117 | G45: {=MEDIAN(IF(ISNUMBER(G$12:G$39)*($W$12:$W$39<>""),G$12:G$39))} -> 0.1155 | H45: {=MEDIAN(IF(ISNUMBER(H$12:H$39)*($W$12:$W$39<>""),H$12:H$39))} -> 0.2849052 | I45: {=MEDIAN(IF(ISNUMBER(I$12:I$39)*($W$12:$W$39<>""),I$12:I$39))} -> 0.45491732 | J45: {=MEDIAN(IF(ISNUMBER(J$12:J$39)*($W$12:$W$39<>""),J$12:J$39))} -> 6.964578 | K45: {=MEDIAN(IF(ISNUMBER(K$12:K$39)*($W$12:$W$39<>""),K$12:K$39))} -> 22.482255 | V45: Median | AD45: {=MEDIAN(IF(ISNUMBER(AD$12:AD$39)*($W$12:$W$39<>""),AD$12:AD$39))} -> 0.66854117 | AO45: {=MEDIAN(IF(ISNUMBER(AO$12:AO$39)*($W$12:$W$39<>""),AO$12:AO$39))} -> 0.14393889 | AP45: {=MEDIAN(IF(ISNUMBER(AP$12:AP$39)*($W$12:$W$39<>""),AP$12:AP$39))} -> 0.12 | AQ45: {=MEDIAN(IF(ISNUMBER(AQ$12:AQ$39)*($W$12:$W$39<>""),AQ$12:AQ$39))} -> 0.2849052 | AR45: {=MEDIAN(IF(ISNUMBER(AR$12:AR$39)*($W$12:$W$39<>""),AR$12:AR$39))} -> 8.586023 | AS45: {=MEDIAN(IF(ISNUMBER(AS$12:AS$39)*($W$12:$W$39<>""),AS$12:AS$39))} -> 6.964578 | AU45: {=MEDIAN(IF(ISNUMBER(AU$12:AU$39)*($W$12:$W$39<>""),AU$12:AU$39))} -> 22.482255
B46: 25th percentile | E46: {=_xlfn.QUARTILE.INC(IF(ISNUMBER(E$12:E$39)*($W$12:$W$39<>""),E$12:E$39),1)} -> 0.59068439 | G46: {=_xlfn.QUARTILE.INC(IF(ISNUMBER(G$12:G$39)*($W$12:$W$39<>""),G$12:G$39),1)} -> 0.1025 | H46: {=_xlfn.QUARTILE.INC(IF(ISNUMBER(H$12:H$39)*($W$12:$W$39<>""),H$12:H$39),1)} -> 0.25575 | I46: {=_xlfn.QUARTILE.INC(IF(ISNUMBER(I$12:I$39)*($W$12:$W$39<>""),I$12:I$39),1)} -> 0.37075 | J46: {=_xlfn.QUARTILE.INC(IF(ISNUMBER(J$12:J$39)*($W$12:$W$39<>""),J$12:J$39),1)} -> 4.967498 | K46: {=_xlfn.QUARTILE.INC(IF(ISNUMBER(K$12:K$39)*($W$12:$W$39<>""),K$12:K$39),1)} -> 19.685913 | V46: 25th percentile | AD46: {=_xlfn.QUARTILE.INC(IF(ISNUMBER(AD$12:AD$39)*($W$12:$W$39<>""),AD$12:AD$39),1)} -> 0.59068439 | AO46: {=_xlfn.QUARTILE.INC(IF(ISNUMBER(AO$12:AO$39)*($W$12:$W$39<>""),AO$12:AO$39),1)} -> 0.097727912 | AP46: {=_xlfn.QUARTILE.INC(IF(ISNUMBER(AP$12:AP$39)*($W$12:$W$39<>""),AP$12:AP$39),1)} -> 0.1 | AQ46: {=_xlfn.QUARTILE.INC(IF(ISNUMBER(AQ$12:AQ$39)*($W$12:$W$39<>""),AQ$12:AQ$39),1)} -> 0.25575 | AR46: {=_xlfn.QUARTILE.INC(IF(ISNUMBER(AR$12:AR$39)*($W$12:$W$39<>""),AR$12:AR$39),1)} -> 5.6021063 | AS46: {=_xlfn.QUARTILE.INC(IF(ISNUMBER(AS$12:AS$39)*($W$12:$W$39<>""),AS$12:AS$39),1)} -> 4.967498 | AU46: {=_xlfn.QUARTILE.INC(IF(ISNUMBER(AU$12:AU$39)*($W$12:$W$39<>""),AU$12:AU$39),1)} -> 19.685913
B47: 75th percentile | E47: {=_xlfn.QUARTILE.INC(IF(ISNUMBER(E$12:E$39)*($W$12:$W$39<>""),E$12:E$39),3)} -> 0.82208551 | G47: {=_xlfn.QUARTILE.INC(IF(ISNUMBER(G$12:G$39)*($W$12:$W$39<>""),G$12:G$39),3)} -> 0.16 | H47: {=_xlfn.QUARTILE.INC(IF(ISNUMBER(H$12:H$39)*($W$12:$W$39<>""),H$12:H$39),3)} -> 0.39220904 | I47: {=_xlfn.QUARTILE.INC(IF(ISNUMBER(I$12:I$39)*($W$12:$W$39<>""),I$12:I$39),3)} -> 0.49405717 | J47: {=_xlfn.QUARTILE.INC(IF(ISNUMBER(J$12:J$39)*($W$12:$W$39<>""),J$12:J$39),3)} -> 8.1570635 | K47: {=_xlfn.QUARTILE.INC(IF(ISNUMBER(K$12:K$39)*($W$12:$W$39<>""),K$12:K$39),3)} -> 26.357146 | V47: 75th percentile | AD47: {=_xlfn.QUARTILE.INC(IF(ISNUMBER(AD$12:AD$39)*($W$12:$W$39<>""),AD$12:AD$39),3)} -> 0.82208551 | AO47: {=_xlfn.QUARTILE.INC(IF(ISNUMBER(AO$12:AO$39)*($W$12:$W$39<>""),AO$12:AO$39),3)} -> 0.19382171 | AP47: {=_xlfn.QUARTILE.INC(IF(ISNUMBER(AP$12:AP$39)*($W$12:$W$39<>""),AP$12:AP$39),3)} -> 0.17 | AQ47: {=_xlfn.QUARTILE.INC(IF(ISNUMBER(AQ$12:AQ$39)*($W$12:$W$39<>""),AQ$12:AQ$39),3)} -> 0.39220904 | AR47: {=_xlfn.QUARTILE.INC(IF(ISNUMBER(AR$12:AR$39)*($W$12:$W$39<>""),AR$12:AR$39),3)} -> 9.5478946 | AS47: {=_xlfn.QUARTILE.INC(IF(ISNUMBER(AS$12:AS$39)*($W$12:$W$39<>""),AS$12:AS$39),3)} -> 8.1570635 | AU47: {=_xlfn.QUARTILE.INC(IF(ISNUMBER(AU$12:AU$39)*($W$12:$W$39<>""),AU$12:AU$39),3)} -> 26.357146
B48: PJT set – median | E48: {=MEDIAN(IF(ISNUMBER(E$12:E$39)*($X$12:$X$39<>"–")*($W$12:$W$39<>""),E$12:E$39))} -> 0.66026161 | G48: {=MEDIAN(IF(ISNUMBER(G$12:G$39)*($X$12:$X$39<>"–")*($W$12:$W$39<>""),G$12:G$39))} -> 0.111 | H48: {=MEDIAN(IF(ISNUMBER(H$12:H$39)*($X$12:$X$39<>"–")*($W$12:$W$39<>""),H$12:H$39))} -> 0.258 | I48: {=MEDIAN(IF(ISNUMBER(I$12:I$39)*($X$12:$X$39<>"–")*($W$12:$W$39<>""),I$12:I$39))} -> 0.391 | J48: {=MEDIAN(IF(ISNUMBER(J$12:J$39)*($X$12:$X$39<>"–")*($W$12:$W$39<>""),J$12:J$39))} -> 4.9801831 | K48: {=MEDIAN(IF(ISNUMBER(K$12:K$39)*($X$12:$X$39<>"–")*($W$12:$W$39<>""),K$12:K$39))} -> 22.485175 | V48: PJT set – median | AD48: {=MEDIAN(IF(ISNUMBER(AD$12:AD$39)*(($X$12:$X$39="FS")+($X$12:$X$39="Other")),AD$12:AD$39))} -> 0.66026161 | AO48: {=MEDIAN(IF(ISNUMBER(AO$12:AO$39)*(($X$12:$X$39="FS")+($X$12:$X$39="Other")),AO$12:AO$39))} -> 0.13801662 | AP48: {=MEDIAN(IF(ISNUMBER(AP$12:AP$39)*(($X$12:$X$39="FS")+($X$12:$X$39="Other")),AP$12:AP$39))} -> 0.11 | AQ48: {=MEDIAN(IF(ISNUMBER(AQ$12:AQ$39)*(($X$12:$X$39="FS")+($X$12:$X$39="Other")),AQ$12:AQ$39))} -> 0.258 | AR48: {=MEDIAN(IF(ISNUMBER(AR$12:AR$39)*(($X$12:$X$39="FS")+($X$12:$X$39="Other")),AR$12:AR$39))} -> 5.818126 | AS48: {=MEDIAN(IF(ISNUMBER(AS$12:AS$39)*(($X$12:$X$39="FS")+($X$12:$X$39="Other")),AS$12:AS$39))} -> 4.9801831 | AU48: {=MEDIAN(IF(ISNUMBER(AU$12:AU$39)*(($X$12:$X$39="FS")+($X$12:$X$39="Other")),AU$12:AU$39))} -> 22.485175
B49: J.P. Morgan set – median | E49: {=MEDIAN(IF(ISNUMBER(E$12:E$39)*(LEFT($Y$12:$Y$39,2)<>"FS")*($Y$12:$Y$39<>"–")*($W$12:$W$39<>""),E$12:E$39))} -> 0.79123907 | G49: {=MEDIAN(IF(ISNUMBER(G$12:G$39)*(LEFT($Y$12:$Y$39,2)<>"FS")*($Y$12:$Y$39<>"–")*($W$12:$W$39<>""),G$12:G$39))} -> 0.125 | H49: {=MEDIAN(IF(ISNUMBER(H$12:H$39)*(LEFT($Y$12:$Y$39,2)<>"FS")*($Y$12:$Y$39<>"–")*($W$12:$W$39<>""),H$12:H$39))} -> 0.33491732 | I49: {=MEDIAN(IF(ISNUMBER(I$12:I$39)*(LEFT($Y$12:$Y$39,2)<>"FS")*($Y$12:$Y$39<>"–")*($W$12:$W$39<>""),I$12:I$39))} -> 0.46939443 | J49: {=MEDIAN(IF(ISNUMBER(J$12:J$39)*(LEFT($Y$12:$Y$39,2)<>"FS")*($Y$12:$Y$39<>"–")*($W$12:$W$39<>""),J$12:J$39))} -> 8.1351877 | K49: {=MEDIAN(IF(ISNUMBER(K$12:K$39)*(LEFT($Y$12:$Y$39,2)<>"FS")*($Y$12:$Y$39<>"–")*($W$12:$W$39<>""),K$12:K$39))} -> 25.070513 | V49: JPM set – median | AD49: {=MEDIAN(IF(ISNUMBER(AD$12:AD$39)*(($Y$12:$Y$39="Vertical")+($Y$12:$Y$39="Other")),AD$12:AD$39))} -> 0.79123907 | AO49: {=MEDIAN(IF(ISNUMBER(AO$12:AO$39)*(($Y$12:$Y$39="Vertical")+($Y$12:$Y$39="Other")),AO$12:AO$39))} -> 0.16519386 | AP49: {=MEDIAN(IF(ISNUMBER(AP$12:AP$39)*(($Y$12:$Y$39="Vertical")+($Y$12:$Y$39="Other")),AP$12:AP$39))} -> 0.125 | AQ49: {=MEDIAN(IF(ISNUMBER(AQ$12:AQ$39)*(($Y$12:$Y$39="Vertical")+($Y$12:$Y$39="Other")),AQ$12:AQ$39))} -> 0.33491732 | AR49: {=MEDIAN(IF(ISNUMBER(AR$12:AR$39)*(($Y$12:$Y$39="Vertical")+($Y$12:$Y$39="Other")),AR$12:AR$39))} -> 9.3132586 | AS49: {=MEDIAN(IF(ISNUMBER(AS$12:AS$39)*(($Y$12:$Y$39="Vertical")+($Y$12:$Y$39="Other")),AS$12:AS$39))} -> 8.1351877 | AU49: {=MEDIAN(IF(ISNUMBER(AU$12:AU$39)*(($Y$12:$Y$39="Vertical")+($Y$12:$Y$39="Other")),AU$12:AU$39))} -> 25.070513
B50: Fair comparisons – median | E50: {=MEDIAN(IF(($N$12:$N$39="Fair comp")*ISNUMBER(E$12:E$39),E$12:E$39))} -> 0.78882834 | G50: {=MEDIAN(IF(($N$12:$N$39="Fair comp")*ISNUMBER(G$12:G$39),G$12:G$39))} -> 0.17 | H50: {=MEDIAN(IF(($N$12:$N$39="Fair comp")*ISNUMBER(H$12:H$39),H$12:H$39))} -> 0.32283465 | I50: {=MEDIAN(IF(($N$12:$N$39="Fair comp")*ISNUMBER(I$12:I$39),I$12:I$39))} -> 0.46556017 | J50: {=MEDIAN(IF(($N$12:$N$39="Fair comp")*ISNUMBER(J$12:J$39),J$12:J$39))} -> 8.0914361 | K50: {=MEDIAN(IF(($N$12:$N$39="Fair comp")*ISNUMBER(K$12:K$39),K$12:K$39))} -> 24.667784
B51: Fair comparisons – 25th percentile | E51: {=_xlfn.QUARTILE.INC(IF(($N$12:$N$39="Fair comp")*ISNUMBER(E$12:E$39),E$12:E$39),1)} -> 0.63751983 | G51: {=_xlfn.QUARTILE.INC(IF(($N$12:$N$39="Fair comp")*ISNUMBER(G$12:G$39),G$12:G$39),1)} -> 0.12 | H51: {=_xlfn.QUARTILE.INC(IF(($N$12:$N$39="Fair comp")*ISNUMBER(H$12:H$39),H$12:H$39),1)} -> 0.2756121 | I51: {=_xlfn.QUARTILE.INC(IF(($N$12:$N$39="Fair comp")*ISNUMBER(I$12:I$39),I$12:I$39),1)} -> 0.45582253 | J51: {=_xlfn.QUARTILE.INC(IF(($N$12:$N$39="Fair comp")*ISNUMBER(J$12:J$39),J$12:J$39),1)} -> 7.043648 | K51: {=_xlfn.QUARTILE.INC(IF(($N$12:$N$39="Fair comp")*ISNUMBER(K$12:K$39),K$12:K$39),1)} -> 22.11196
B52: Fair comparisons – 75th percentile | E52: {=_xlfn.QUARTILE.INC(IF(($N$12:$N$39="Fair comp")*ISNUMBER(E$12:E$39),E$12:E$39),3)} -> 0.81260694 | G52: {=_xlfn.QUARTILE.INC(IF(($N$12:$N$39="Fair comp")*ISNUMBER(G$12:G$39),G$12:G$39),3)} -> 0.175 | H52: {=_xlfn.QUARTILE.INC(IF(($N$12:$N$39="Fair comp")*ISNUMBER(H$12:H$39),H$12:H$39),3)} -> 0.35511435 | I52: {=_xlfn.QUARTILE.INC(IF(($N$12:$N$39="Fair comp")*ISNUMBER(I$12:I$39),I$12:I$39),3)} -> 0.49254893 | J52: {=_xlfn.QUARTILE.INC(IF(($N$12:$N$39="Fair comp")*ISNUMBER(J$12:J$39),J$12:J$39),3)} -> 8.7157759 | K52: {=_xlfn.QUARTILE.INC(IF(($N$12:$N$39="Fair comp")*ISNUMBER(K$12:K$39),K$12:K$39),3)} -> 27.247263
B53: Flatter the price – median | E53: {=MEDIAN(IF(($N$12:$N$39="Flatters price")*ISNUMBER(E$12:E$39),E$12:E$39))} -> 0.61468105 | G53: {=MEDIAN(IF(($N$12:$N$39="Flatters price")*ISNUMBER(G$12:G$39),G$12:G$39))} -> 0.1 | H53: {=MEDIAN(IF(($N$12:$N$39="Flatters price")*ISNUMBER(H$12:H$39),H$12:H$39))} -> 0.255 | I53: {=MEDIAN(IF(($N$12:$N$39="Flatters price")*ISNUMBER(I$12:I$39),I$12:I$39))} -> 0.364 | J53: {=MEDIAN(IF(($N$12:$N$39="Flatters price")*ISNUMBER(J$12:J$39),J$12:J$39))} -> 4.9632696 | K53: {=MEDIAN(IF(($N$12:$N$39="Flatters price")*ISNUMBER(K$12:K$39),K$12:K$39))} -> 21.261965
B54: Peers: fair / flatter / not comparable | D54: =COUNTIF($N$12:$N$39,"Fair comp") -> 7 | E54: =COUNTIF($N$12:$N$39,"Flatters price") -> 9 | F54: =COUNTIF($N$12:$N$39,"Not comparable") -> 2
B56: SCREEN (A PEER IS A FAIR COMPARISON IF BOTH GAPS ARE INSIDE THE BANDS) | V56: CWAN AND MARKET INPUTS
B57: CWAN 2026E organic revenue growth (mgmt) | D57: 0.153 | V57: Unaffected price (10-Nov-25) | X57: 16.69
B58: CWAN 2026E Adj. EBITDA margin (mgmt) | D58: =X78/X77 -> 0.35957447 | V58: Offer price | X58: 24.55
B59: CWAN growth + margin | D59: =D57+D58 -> 0.51257447 | V59: 52-week high to unaffected (PJT range) | X59: ='Banker ranges'!H27 -> 32.75
B60: Growth band (± pts) | D60: 0.05 | V60: Class A shares | X60: 288632333
B61: Margin band (± pts) | D61: 0.1 | V61: Class B shares | X61: 4506422
B62: CWAN offer EV / CY26E revenue (mgmt) | D62: =J9 -> 8.9713467 | V62: RSUs | X62: 8547355
B63: CWAN unaffected EV / CY26E revenue (mgmt) | D63: =J8 -> 6.351949 | V63: PSUs | X63: 3984521
V64: Options | X64: 7590682
B65: IMPLIED CWAN VALUE PER SHARE (MULTIPLE × MANAGEMENT CY26E METRIC, TSM DILUTION) | V65: Options – wtd. avg. strike ($) | X65: 9.09
B66: Basis | C66: Metric ($M) | D66: 25th (x) | E66: Median (x) | F66: 75th (x) | G66: @ 25th | H66: @ median | I66: @ 75th | J66: Offer vs median | V66: Committed SBC ($M) | X66: 16.7
B67: EV / CY26E revenue – fair comparisons | C67: =$X$77 -> 940 | D67: =J51 -> 7.043648 | E67: =J50 -> 8.0914361 | F67: =J52 -> 8.7157759 | G67: =((D67*C67-($X$67-$X$68-$X$69))+$X$64/10^6*$X$65-$X$66)/(($X$60+$X$61+$X$62+$X$63+$X$64)/10^6) -> 18.765574 | H67: =((E67*C67-($X$67-$X$68-$X$69))+$X$64/10^6*$X$65-$X$66)/(($X$60+$X$61+$X$62+$X$63+$X$64)/10^6) -> 21.909661 | I67: =((F67*C67-($X$67-$X$68-$X$69))+$X$64/10^6*$X$65-$X$66)/(($X$60+$X$61+$X$62+$X$63+$X$64)/10^6) -> 23.783111 | J67: =$D$9/H67-1 -> 0.12051025 | V67: Debt | X67: 859
B68: EV / CY26E EBITDA – fair comparisons | C68: =$X$78 -> 338 | D68: =K51 -> 22.11196 | E68: =K50 -> 24.667784 | F68: =K52 -> 27.247263 | G68: =((D68*C68-($X$67-$X$68-$X$69))+$X$64/10^6*$X$65-$X$66)/(($X$60+$X$61+$X$62+$X$63+$X$64)/10^6) -> 21.487945 | H68: =((E68*C68-($X$67-$X$68-$X$69))+$X$64/10^6*$X$65-$X$66)/(($X$60+$X$61+$X$62+$X$63+$X$64)/10^6) -> 24.245606 | I68: =((F68*C68-($X$67-$X$68-$X$69))+$X$64/10^6*$X$65-$X$66)/(($X$60+$X$61+$X$62+$X$63+$X$64)/10^6) -> 27.02879 | J68: =$D$9/H68-1 -> 0.012554608 | V68: Cash & equivalents | X68: 60.8
B69: EV / CY26E revenue – all peers | C69: =$X$77 -> 940 | D69: =J46 -> 4.967498 | E69: =J45 -> 6.964578 | F69: =J47 -> 8.1570635 | G69: =((D69*C69-($X$67-$X$68-$X$69))+$X$64/10^6*$X$65-$X$66)/(($X$60+$X$61+$X$62+$X$63+$X$64)/10^6) -> 12.535692 | H69: =((E69*C69-($X$67-$X$68-$X$69))+$X$64/10^6*$X$65-$X$66)/(($X$60+$X$61+$X$62+$X$63+$X$64)/10^6) -> 18.52831 | I69: =((F69*C69-($X$67-$X$68-$X$69))+$X$64/10^6*$X$65-$X$66)/(($X$60+$X$61+$X$62+$X$63+$X$64)/10^6) -> 22.106589 | J69: =$D$9/H69-1 -> 0.32499944 | V69: ST investments | X69: 3.4
B70: EV / CY26E EBITDA – all peers | C70: =$X$78 -> 338 | D70: =K46 -> 19.685913 | E70: =K45 -> 22.482255 | F70: =K47 -> 26.357146 | G70: =((D70*C70-($X$67-$X$68-$X$69))+$X$64/10^6*$X$65-$X$66)/(($X$60+$X$61+$X$62+$X$63+$X$64)/10^6) -> 18.870309 | H70: =((E70*C70-($X$67-$X$68-$X$69))+$X$64/10^6*$X$65-$X$66)/(($X$60+$X$61+$X$62+$X$63+$X$64)/10^6) -> 21.887482 | I70: =((F70*C70-($X$67-$X$68-$X$69))+$X$64/10^6*$X$65-$X$66)/(($X$60+$X$61+$X$62+$X$63+$X$64)/10^6) -> 26.068379 | J70: =$D$9/H70-1 -> 0.1216457 | V70: CY24A revenue | X70: 451.803
B71: EV / CY26E revenue – flatter-the-price set | C71: =$X$77 -> 940 | E71: =J53 -> 4.9632696 | H71: =((E71*C71-($X$67-$X$68-$X$69))+$X$64/10^6*$X$65-$X$66)/(($X$60+$X$61+$X$62+$X$63+$X$64)/10^6) -> 12.523004 | J71: =$D$9/H71-1 -> 0.96039222 | V71: Street CY25E revenue | X71: 731
B72: EV / CY26E EBITDA – flatter-the-price set | C72: =$X$78 -> 338 | E72: =K53 -> 21.261965 | H72: =((E72*C72-($X$67-$X$68-$X$69))+$X$64/10^6*$X$65-$X$66)/(($X$60+$X$61+$X$62+$X$63+$X$64)/10^6) -> 20.570824 | J72: =$D$9/H72-1 -> 0.19343783 | V72: Street CY25E EBITDA | X72: 247
V73: Street CY26E revenue | X73: 947
B74: CROSS-CHECK: EV / CY26E REVENUE REGRESSED ON GROWTH + MARGIN (ALL PEERS) | V74: Street CY26E EBITDA | X74: 333
B75: Slope (x per 1.0 of growth + margin) | D75: {=SLOPE(IF(ISNUMBER($J$12:$J$39)*ISNUMBER($I$12:$I$39)*($W$12:$W$39<>""),$J$12:$J$39),IF(ISNUMBER($J$12:$J$39)*ISNUMBER($I$12:$I$39)*($W$12:$W$39<>""),$I$12:$I$39))} -> 21.305012 | V75: Mgmt CY25E revenue | X75: 730
B76: Intercept (x) | D76: {=INTERCEPT(IF(ISNUMBER($J$12:$J$39)*ISNUMBER($I$12:$I$39)*($W$12:$W$39<>""),$J$12:$J$39),IF(ISNUMBER($J$12:$J$39)*ISNUMBER($I$12:$I$39)*($W$12:$W$39<>""),$I$12:$I$39))} -> -2.3791189 | V76: Mgmt CY25E EBITDA | X76: 248
B77: R² | D77: {=RSQ(IF(ISNUMBER($J$12:$J$39)*ISNUMBER($I$12:$I$39)*($W$12:$W$39<>""),$J$12:$J$39),IF(ISNUMBER($J$12:$J$39)*ISNUMBER($I$12:$I$39)*($W$12:$W$39<>""),$I$12:$I$39))} -> 0.41597978 | V77: Mgmt CY26E revenue | X77: 940
B78: CWAN growth + margin (mgmt) | D78: =D59 -> 0.51257447 | V78: Mgmt CY26E EBITDA | X78: 338
B79: Implied CWAN EV / CY26E revenue (x) | D79: =D76+D75*D78 -> 8.5412861 | V79: EUR/USD (10-Nov-25) | X79: 1.1545
B80: Implied value per share ($) | D80: =((D79*$X$77-($X$67-$X$68-$X$69))+$X$64/10^6*$X$65-$X$66)/(($X$60+$X$61+$X$62+$X$63+$X$64)/10^6) -> 23.259521 | V80: USD/CAD (10-Nov-25) | X80: 1.4029
B81: Offer vs regression value | D81: =$D$9/D80-1 -> 0.055481734
V82: CHART DATA – EV / CY26E REVENUE
V83: CWAN – offer (mgmt) | W83: =J9 -> 8.9713467
V84: CWAN – unaffected (mgmt) | W84: =J8 -> 6.351949
V85: =V12 -> Guidewire Software | W85: =AS12 -> 12.3697
V86: =V13 -> Intapp | W86: =AS13 -> 4.9576162
V87: =V14 -> Q2 Holdings | W87: =AS14 -> 5.4855869
V88: =V15 -> CCC Intelligent Solutions | W88: =AS15 -> 4.9801831
V89: =V16 -> nCino | W89: =AS16 -> 4.9632696
V90: =V17 -> Alkami Technology | W90: =AS17 -> 4.2496981
V91: =V18 -> SS&C Technologies | W91: =AS18 -> 4.1848759
V92: =V24 -> Veeva Systems | W92: =AS24 -> 12.339775
V93: =V25 -> Nemetschek | W93: =AS25 -> 7.9636154
V94: =V26 -> Bentley Systems | W94: =AS26 -> 9.2526125
V95: =V27 -> Procore Technologies | W95: =AS27 -> 7.9283889
V96: =V28 -> Cellebrite | W96: =AS28 -> 6.1236806
V97: =V29 -> Tyler Technologies | W97: =AS29 -> 7.8054754
V98: =V30 -> AppFolio | W98: =AS30 -> 8.0914361
V99: =V31 -> Vertex | W99: =AS31 -> 3.7978709
V100: =V37 -> Descartes Systems | W100: =AS37 -> 8.7955752
V101: =V38 -> Autodesk | W101: =AS38 -> 8.1789393
V102: =V39 -> Atlassian | W102: =AS39 -> 5.7744961

Sheet Precedents
B2: Clearwater Analytics – Precedent Software and Fintech Take-Privates, Last Five Years
B3: Deals in the PJT and J.P. Morgan sets, announced Dec-20 to Aug-25; TEV and NTM metrics as the banks report them (PJT figure used where both report); EV / NTM EBITDA derived as EV / NTM revenue ÷ NTM EBITDA margin; premium as the target disclosed it
G5: Deal | J5: EV / NTM revenue | N5: Premium
B6: Announced | C6: Target | D6: Acquirer | E6: Buyer | F6: Segment | G6: TEV ($bn) | H6: NTM rev. growth | I6: NTM EBITDA mgn | J6: PJT | K6: J.P. Morgan | L6: Used | M6: EV / NTM EBITDA | N6: To unaffected | O6: Basis | P6: In stats | Q6: Offer ($) | R6: Unaffected ($) | S6: Notes | U6: CWAN offer (x)
B7: 44166 | C7: RealPage | D7: Thoma Bravo | E7: Sponsor | F7: Property-management software | G7: 10.2 | H7: 0.118 | I7: 0.28 | J7: 8.2 | K7: 8 | L7: =IF(ISNUMBER(J7),J7,K7) -> 8.2 | M7: =L7/I7 -> 29.285714 | N7: 0.308 | O7: 1-day close | P7: Yes | S7: Close on 18-Dec-20, day before announcement | U7: =$L$31 -> 8.9712766
B8: 44287 | C8: Proofpoint | D8: Thoma Bravo | E8: Sponsor | F8: Security software | G8: 10.2 | H8: 0.16 | I8: 0.17 | K8: 8 | L8: =IF(ISNUMBER(J8),J8,K8) -> 8 | M8: =L8/I8 -> 47.058824 | N8: 0.34 | O8: 1-day close | P8: Yes | S8: Close on 23-Apr-21 | U8: =$L$31 -> 8.9712766
B9: 44409 | C9: Inovalon | D9: Nordic Capital, Insight | E9: Sponsor | F9: Healthcare data software | G9: 7.2 | H9: 0.129 | I9: 0.357 | J9: 8.9 | K9: 8.5 | L9: =IF(ISNUMBER(J9),J9,K9) -> 8.9 | M9: =L9/I9 -> 24.929972 | N9: 0.253 | O9: Unaffected close | P9: Yes | S9: Unaffected 26-Jul-21 | U9: =$L$31 -> 8.9712766
B10: 44682 | C10: Black Knight | D10: Intercontinental Exchange | E10: Strategic | F10: Mortgage fintech software | G10: 14.3 | H10: 0.084 | I10: 0.497 | J10: 9 | L10: =IF(ISNUMBER(J10),J10,K10) -> 9 | M10: =L10/I10 -> 18.108652 | N10: 0.34 | O10: 1-day close | P10: No | S10: Strategic; cash and stock; Reuters | U10: =$L$31 -> 8.9712766
B11: 44896 | C11: Coupa Software | D11: Thoma Bravo | E11: Sponsor | F11: Spend-management SaaS | G11: 8.1 | H11: 0.189 | I11: 0.211 | J11: 8.7 | K11: 8.4 | L11: =IF(ISNUMBER(J11),J11,K11) -> 8.7 | M11: =L11/I11 -> 41.232227 | N11: 0.77 | O11: Unaffected close | P11: Yes | S11: Unaffected 22-Nov-22 | U11: =$L$31 -> 8.9712766
B12: 44986 | C12: Qualtrics | D12: Silver Lake, CPP Investments | E12: Sponsor | F12: Experience-management SaaS | G12: 11.7 | H12: 0.14 | I12: 0.15 | K12: 6.9 | L12: =IF(ISNUMBER(J12),J12,K12) -> 6.9 | M12: =L12/I12 -> 46 | N12: 0.62 | O12: Unaffected close | P12: Yes | S12: Unaffected 25-Jan-23 | U12: =$L$31 -> 8.9712766
B13: 44986 | C13: Cvent | D13: Blackstone | E13: Sponsor | F13: Event-management SaaS | G13: 4.5 | H13: 0.165 | I13: 0.19 | J13: 6.4 | L13: =IF(ISNUMBER(J13),J13,K13) -> 6.4 | M13: =L13/I13 -> 33.684211 | N13: 0.52 | O13: 90-day VWAP | P13: No | S13: VWAP basis only disclosed; excluded from premium statistics | U13: =$L$31 -> 8.9712766
B14: 45017 | C14: SimCorp | D14: Deutsche Börse | E14: Strategic | F14: Investment-management software | G14: 4.3 | H14: 0.066 | I14: 0.24 | J14: 6.5 | K14: 6.2 | L14: =IF(ISNUMBER(J14),J14,K14) -> 6.5 | M14: =L14/I14 -> 27.083333 | N14: 0.389 | O14: 1-day close | P14: No | S14: Strategic; closest business to CWAN | U14: =$L$31 -> 8.9712766
B15: 45444 | C15: PowerSchool | D15: Bain Capital | E15: Sponsor | F15: Education SaaS | G15: 5.8 | H15: 0.119 | I15: 0.345 | J15: 7.2 | K15: 7.1 | L15: =IF(ISNUMBER(J15),J15,K15) -> 7.2 | M15: =L15/I15 -> 20.869565 | N15: 0.37 | O15: Unaffected close | P15: Yes | S15: Unaffected 7-May-24 | U15: =$L$31 -> 8.9712766
B16: 45474 | C16: Envestnet | D16: Bain Capital | E16: Sponsor | F16: Wealth-management fintech | G16: 4.5 | H16: 0.107 | I16: 0.229 | J16: 3.2 | L16: =IF(ISNUMBER(J16),J16,K16) -> 3.2 | M16: =L16/I16 -> 13.973799 | N16: =Q16/R16-1 -> 0.0012684319 | O16: Unaffected close | P16: Yes | Q16: 63.15 | R16: 63.07 | S16: Premium computed from $63.15 offer and $63.07 close before the Reuters report | U16: =$L$31 -> 8.9712766
B17: 45474 | C17: Instructure | D17: KKR | E17: Sponsor | F17: Education SaaS | G17: 4.7 | H17: 0.085 | I17: 0.409 | J17: 6.9 | L17: =IF(ISNUMBER(J17),J17,K17) -> 6.9 | M17: =L17/I17 -> 16.870416 | N17: 0.16 | O17: Unaffected close | P17: Yes | S17: Unaffected 17-May-24 | U17: =$L$31 -> 8.9712766
B18: 45536 | C18: Smartsheet | D18: Vista, Blackstone | E18: Sponsor | F18: Work-management SaaS | G18: 7.6 | H18: 0.15 | I18: 0.19 | K18: 6.2 | L18: =IF(ISNUMBER(J18),J18,K18) -> 6.2 | M18: =L18/I18 -> 32.631579 | N18: 0.41 | O18: 90-day VWAP | P18: No | S18: VWAP basis only disclosed; excluded from premium statistics | U18: =$L$31 -> 8.9712766
B19: 45658 | C19: Enfusion | D19: Clearwater Analytics | E19: Strategic | F19: Investment-management SaaS | G19: 1.4 | H19: 0.12 | I19: 0.232 | J19: 6.2 | K19: 6.1 | L19: =IF(ISNUMBER(J19),J19,K19) -> 6.2 | M19: =L19/I19 -> 26.724138 | N19: 0.316 | O19: Unaffected close | P19: No | S19: Strategic; cash and stock; undisturbed 19-Sep-24 | U19: =$L$31 -> 8.9712766
B20: 45870 | C20: Sapiens | D20: Advent International | E20: Sponsor | F20: Insurance software | G20: 2.3 | H20: 0.062 | I20: 0.179 | J20: 3.8 | L20: =IF(ISNUMBER(J20),J20,K20) -> 3.8 | M20: =L20/I20 -> 21.22905 | N20: 0.64 | O20: Unaffected close | P20: Yes | S20: Undisturbed 8-Aug-25 | U20: =$L$31 -> 8.9712766
B21: 45870 | C21: Dayforce | D21: Thoma Bravo | E21: Sponsor | F21: HCM and payroll SaaS | G21: 12.1 | H21: 0.108 | I21: 0.323 | J21: 5.9 | K21: 5.8 | L21: =IF(ISNUMBER(J21),J21,K21) -> 5.9 | M21: =L21/I21 -> 18.266254 | N21: 0.32 | O21: Unaffected close | P21: Yes | U21: =$L$31 -> 8.9712766
B23: STATISTICS
B24: Sponsor take-privates – median | G24: {=MEDIAN(IF(($E$7:$E$21="Sponsor"),G$7:G$21))} -> 7.4 | H24: {=MEDIAN(IF(($E$7:$E$21="Sponsor")*ISNUMBER(H$7:H$21),H$7:H$21))} -> 0.124 | I24: {=MEDIAN(IF(($E$7:$E$21="Sponsor")*ISNUMBER(I$7:I$21),I$7:I$21))} -> 0.22 | L24: {=MEDIAN(IF(($E$7:$E$21="Sponsor")*ISNUMBER(L$7:L$21),L$7:L$21))} -> 6.9 | M24: {=MEDIAN(IF(($E$7:$E$21="Sponsor")*ISNUMBER(M$7:M$21),M$7:M$21))} -> 27.107843 | N24: {=MEDIAN(IF(($E$7:$E$21="Sponsor")*ISNUMBER(N$7:N$21)*($P$7:$P$21="Yes"),N$7:N$21))} -> 0.33
B25: Sponsor take-privates – 25th percentile | H25: {=_xlfn.QUARTILE.INC(IF(($E$7:$E$21="Sponsor")*ISNUMBER(H$7:H$21),H$7:H$21),1)} -> 0.10775 | I25: {=_xlfn.QUARTILE.INC(IF(($E$7:$E$21="Sponsor")*ISNUMBER(I$7:I$21),I$7:I$21),1)} -> 0.18725 | L25: {=_xlfn.QUARTILE.INC(IF(($E$7:$E$21="Sponsor")*ISNUMBER(L$7:L$21),L$7:L$21),1)} -> 6.125 | M25: {=_xlfn.QUARTILE.INC(IF(($E$7:$E$21="Sponsor")*ISNUMBER(M$7:M$21),M$7:M$21),1)} -> 20.218737 | N25: {=_xlfn.QUARTILE.INC(IF(($E$7:$E$21="Sponsor")*ISNUMBER(N$7:N$21)*($P$7:$P$21="Yes"),N$7:N$21),1)} -> 0.26675
B26: Sponsor take-privates – 75th percentile | H26: {=_xlfn.QUARTILE.INC(IF(($E$7:$E$21="Sponsor")*ISNUMBER(H$7:H$21),H$7:H$21),3)} -> 0.1525 | I26: {=_xlfn.QUARTILE.INC(IF(($E$7:$E$21="Sponsor")*ISNUMBER(I$7:I$21),I$7:I$21),3)} -> 0.3285 | L26: {=_xlfn.QUARTILE.INC(IF(($E$7:$E$21="Sponsor")*ISNUMBER(L$7:L$21),L$7:L$21),3)} -> 8.05 | M26: {=_xlfn.QUARTILE.INC(IF(($E$7:$E$21="Sponsor")*ISNUMBER(M$7:M$21),M$7:M$21),3)} -> 35.571215 | N26: {=_xlfn.QUARTILE.INC(IF(($E$7:$E$21="Sponsor")*ISNUMBER(N$7:N$21)*($P$7:$P$21="Yes"),N$7:N$21),3)} -> 0.5575
B27: Sponsor take-privates – mean | H27: {=AVERAGE(IF(($E$7:$E$21="Sponsor")*ISNUMBER(H$7:H$21),H$7:H$21))} -> 0.12766667 | I27: {=AVERAGE(IF(($E$7:$E$21="Sponsor")*ISNUMBER(I$7:I$21),I$7:I$21))} -> 0.25275 | L27: {=AVERAGE(IF(($E$7:$E$21="Sponsor")*ISNUMBER(L$7:L$21),L$7:L$21))} -> 6.6916667 | M27: {=AVERAGE(IF(($E$7:$E$21="Sponsor")*ISNUMBER(M$7:M$21),M$7:M$21))} -> 28.835968 | N27: {=AVERAGE(IF(($E$7:$E$21="Sponsor")*ISNUMBER(N$7:N$21)*($P$7:$P$21="Yes"),N$7:N$21))} -> 0.37822684
B28: All deals – median | G28: =MEDIAN(G7:G21) -> 7.2 | H28: =MEDIAN(H7:H21) -> 0.119 | I28: =MEDIAN(I7:I21) -> 0.232 | L28: =MEDIAN(L7:L21) -> 6.9 | M28: =MEDIAN(M7:M21) -> 26.724138 | N28: =MEDIAN(N7:N21) -> 0.34
B29: Strategic deals – median | H29: {=MEDIAN(IF(($E$7:$E$21="Strategic")*ISNUMBER(H$7:H$21),H$7:H$21))} -> 0.084 | I29: {=MEDIAN(IF(($E$7:$E$21="Strategic")*ISNUMBER(I$7:I$21),I$7:I$21))} -> 0.24 | L29: {=MEDIAN(IF(($E$7:$E$21="Strategic")*ISNUMBER(L$7:L$21),L$7:L$21))} -> 6.5 | M29: {=MEDIAN(IF(($E$7:$E$21="Strategic")*ISNUMBER(M$7:M$21),M$7:M$21))} -> 26.724138 | N29: {=MEDIAN(IF(($E$7:$E$21="Strategic")*ISNUMBER(N$7:N$21),N$7:N$21))} -> 0.34
B31: CWAN at $24.55 offer (mgmt) | G31: =H48/1000 -> 8.433 | I31: =H50/H49 -> 0.35957447 | L31: =H48/H49 -> 8.9712766 | M31: =H48/H50 -> 24.949704 | N31: =H46/H47-1 -> 0.47094068
B32: CWAN percentile within sponsor take-privates | L32: {=IF(L31>=MAX(IF(($E$7:$E$21="Sponsor"),L$7:L$21)),1,_xlfn.PERCENTRANK.INC(IF(($E$7:$E$21="Sponsor"),L$7:L$21),L31))} -> 1 | M32: {=IF(M31>=MAX(IF(($E$7:$E$21="Sponsor"),M$7:M$21)),1,_xlfn.PERCENTRANK.INC(IF(($E$7:$E$21="Sponsor"),M$7:M$21),M31))} -> 0.454 | N32: {=IF(N31>=MAX(IF(($E$7:$E$21="Sponsor")*($P$7:$P$21="Yes"),N$7:N$21)),1,_xlfn.PERCENTRANK.INC(IF(($E$7:$E$21="Sponsor")*($P$7:$P$21="Yes"),N$7:N$21),N31))} -> 0.711
B34: PJT PREMIUMS STUDY (27 U.S. TECHNOLOGY DEALS, TEV $3-10BN, ALL-CASH, LAST FIVE YEARS)
H35: 25th | I35: Median | J35: Mean | K35: 75th | L35: Financial (N=20)
B36: Premium to unaffected price | H36: 0.23 | I36: 0.3 | J36: 0.34 | K36: 0.4 | L36: 0.28
B37: Premium to unaffected 90-day VWAP | H37: 0.24 | I37: 0.35 | J37: 0.32 | K37: 0.41 | L37: 0.3
B39: IMPLIED CWAN VALUE PER SHARE (SPONSOR TAKE-PRIVATE QUARTILES)
H40: Metric | I40: 25th | J40: Median | K40: 75th | L40: @ 25th | M40: @ median | N40: @ 75th | O40: Offer vs median
B41: EV / NTM revenue (x) × 2026E revenue ($M) | H41: =H49 -> 940 | I41: =L25 -> 6.125 | J41: =L24 -> 6.9 | K41: =L26 -> 8.05 | L41: =((I41*$H41-$H$51)+$H$53*$H$54-$H$55)/($H$52+$H$53) -> 16.008358 | M41: =((J41*$H41-$H$51)+$H$53*$H$54-$H$55)/($H$52+$H$53) -> 18.333893 | N41: =((K41*$H41-$H$51)+$H$53*$H$54-$H$55)/($H$52+$H$53) -> 21.784686 | O41: =$H$46/M41-1 -> 0.33905005
B42: EV / NTM EBITDA (x) × 2026E Adj. EBITDA ($M) | H42: =H50 -> 338 | I42: =M25 -> 20.218737 | J42: =M24 -> 27.107843 | K42: =M26 -> 35.571215 | L42: =((I42*$H42-$H$51)+$H$53*$H$54-$H$55)/($H$52+$H$53) -> 19.444573 | M42: =((J42*$H42-$H$51)+$H$53*$H$54-$H$55)/($H$52+$H$53) -> 26.877721 | N42: =((K42*$H42-$H$51)+$H$53*$H$54-$H$55)/($H$52+$H$53) -> 36.009457 | O42: =$H$46/M42-1 -> -0.086604118
B43: Premium to unaffected × $16.69 | H43: =H47 -> 16.69 | I43: =N25 -> 0.26675 | J43: =N24 -> 0.33 | K43: =N26 -> 0.5575 | L43: =$H43*(1+I43) -> 21.142058 | M43: =$H43*(1+J43) -> 22.1977 | N43: =$H43*(1+K43) -> 25.994675 | O43: =$H$46/M43-1 -> 0.10597044
B45: CWAN INPUTS
B46: Offer price ($) | H46: 24.55
B47: Unaffected price ($) | H47: 16.69
B48: Offer TEV ($M) | H48: 8433
B49: 2026E revenue ($M) | H49: 940
B50: 2026E Adj. EBITDA (pre-SBC) ($M) | H50: 338
B51: Net debt and other ($M) | H51: 795
B52: Basic shares + RSUs + PSUs (mm) | H52: =(Comps!X60+Comps!X61+Comps!X62+Comps!X63)/10^6 -> 305.67063
B53: Options (mm) | H53: =Comps!X64/10^6 -> 7.590682
B54: Option strike ($) | H54: 9.09
B55: Committed SBC ($M) | H55: 16.7

Sheet DCF
B2: Clearwater Analytics – DCF at Signing (task #4 model)
B3: From 12 Models/CWAN DCF - Signing Date (Compound, 2026-10-20).xlsx: 10-year UFCF 2026E-2035E on the management Financial Forecasts, valuation date 20-Dec-25, mid-year, WACC 10.87%; $ per share
B5: HEADLINE VALUE PER SHARE
C6: SBC added back | D6: SBC as cash cost | E6: SBC at $32mm (PJT)
B7: Perpetuity growth method ($) | C7: 24.195479 | D7: 19.77896 | E7: 22.335335
B8: Exit multiple method ($) | C8: 44.515824 | D8: 41.967273 | E8: 43.475673
B9: Enterprise value, perpetuity ($M) | C9: 7887.0029 | D9: 6512.8868 | E9: 7281.6545
B10: Terminal value, end-2035E, perpetuity ($M) | C10: 11948.52 | D10: 10393.596 | E10: 11265.945
B11: Terminal-year Adj. EBITDA (pre-SBC) ($M) | C11: 1324.0126 | D11: 1324.0126 | E11: 1324.0126
B12: Implied TEV / terminal EBITDA at perpetuity growth (x) | C12: =C10/C11 -> 9.0244761 | D12: =D10/D11 -> 7.8500733 | E12: =E10/E11 -> 8.508941
B13: Implied perpetuity growth at exit multiple | C13: 0.072456903 | D13: 0.077040919 | E13: 0.074464364
B14: Offer premium / (discount) to perpetuity value | C14: =$C$22/C7-1 -> 0.014652345 | D14: =$C$22/D7-1 -> 0.24121794 | E14: =$C$22/E7-1 -> 0.099155239
B15: Perpetuity value vs unaffected price | C15: =C7/$C$23-1 -> 0.44969919 | D15: =D7/$C$23-1 -> 0.18507849 | E15: =E7/$C$23-1 -> 0.33824653
B17: KEY ASSUMPTIONS
B18: WACC | C18: 0.10871791
B19: Perpetuity growth rate | C19: 0.025
B20: Exit multiple, TEV / 2035E Adj. EBITDA (x) | C20: 21.8
B21: Diluted shares, TSM at offer (mm) | C21: 311.131
B22: Offer price ($) | C22: 24.55
B23: Unaffected price ($) | C23: 16.69
B25: VALUE PER SHARE – SBC AS CASH COST (TASK #4 SENSITIVITY GRID)
C26: WACC \ g | D26: 0.015 | E26: 0.0175 | F26: 0.02 | G26: 0.0225 | H26: 0.025 | I26: 0.0275 | J26: 0.03 | K26: 0.0325 | L26: 0.035
C27: 0.098717911 | D27: 21.277935 | E27: 21.727092 | F27: 22.204778 | G27: 22.713801 | H27: 23.257349 | I27: 23.839058 | J27: 24.463093 | K27: 25.134248 | L27: 25.858069
C28: 0.10371791 | D28: 19.722262 | E28: 20.106347 | F28: 20.513372 | G28: 20.945455 | H28: 21.404982 | I28: 21.894655 | J28: 22.417541 | K28: 22.977137 | L28: 23.57745
C29: 0.10871791 | D29: 18.337838 | E29: 18.668496 | F29: 19.017789 | G29: 19.387339 | H29: 19.77896 | I29: 20.19469 | J29: 20.636826 | K29: 21.107968 | L29: 21.611064
C30: 0.11371791 | D30: 17.098478 | E30: 17.384863 | F30: 17.686527 | G30: 18.004726 | H30: 18.340858 | I30: 18.696484 | J30: 19.073349 | K30: 19.473415 | L30: 19.898893
C31: 0.11871791 | D31: 15.983051 | E31: 16.232445 | F31: 16.49447 | G31: 16.770112 | H31: 17.06046 | I31: 17.366722 | J31: 17.690245 | K31: 18.032531 | L31: 18.395258
B33: VALUE PER SHARE – SBC ADDED BACK (CASH-COST GRID + PV OF SBC ADD-BACK)
C34: WACC \ g | D34: =D26 -> 0.015 | E34: =E26 -> 0.0175 | F34: =F26 -> 0.02 | G34: =G26 -> 0.0225 | H34: =H26 -> 0.025 | I34: =I26 -> 0.0275 | J34: =J26 -> 0.03 | K34: =K26 -> 0.0325 | L34: =L26 -> 0.035
C35: =C27 -> 0.098717911 | D35: =D27+(SUMPRODUCT(-$C$43:$M$43,$C$44:$M$44,1/(1+$C35)^$C$45:$M$45)-$N$43*(1+D$34)/($C35-D$34)/(1+$C35)^$M$45)/$C$21 -> 25.942271 | E35: =E27+(SUMPRODUCT(-$C$43:$M$43,$C$44:$M$44,1/(1+$C35)^$C$45:$M$45)-$N$43*(1+E$34)/($C35-E$34)/(1+$C35)^$M$45)/$C$21 -> 26.458624 | F35: =F27+(SUMPRODUCT(-$C$43:$M$43,$C$44:$M$44,1/(1+$C35)^$C$45:$M$45)-$N$43*(1+F$34)/($C35-F$34)/(1+$C35)^$M$45)/$C$21 -> 27.007774 | G35: =G27+(SUMPRODUCT(-$C$43:$M$43,$C$44:$M$44,1/(1+$C35)^$C$45:$M$45)-$N$43*(1+G$34)/($C35-G$34)/(1+$C35)^$M$45)/$C$21 -> 27.592949 | H35: =H27+(SUMPRODUCT(-$C$43:$M$43,$C$44:$M$44,1/(1+$C35)^$C$45:$M$45)-$N$43*(1+H$34)/($C35-H$34)/(1+$C35)^$M$45)/$C$21 -> 28.217814 | I35: =I27+(SUMPRODUCT(-$C$43:$M$43,$C$44:$M$44,1/(1+$C35)^$C$45:$M$45)-$N$43*(1+I$34)/($C35-I$34)/(1+$C35)^$M$45)/$C$21 -> 28.886549 | J35: =J27+(SUMPRODUCT(-$C$43:$M$43,$C$44:$M$44,1/(1+$C35)^$C$45:$M$45)-$N$43*(1+J$34)/($C35-J$34)/(1+$C35)^$M$45)/$C$21 -> 29.603942 | K35: =K27+(SUMPRODUCT(-$C$43:$M$43,$C$44:$M$44,1/(1+$C35)^$C$45:$M$45)-$N$43*(1+K$34)/($C35-K$34)/(1+$C35)^$M$45)/$C$21 -> 30.375504 | L35: =L27+(SUMPRODUCT(-$C$43:$M$43,$C$44:$M$44,1/(1+$C35)^$C$45:$M$45)-$N$43*(1+L$34)/($C35-L$34)/(1+$C35)^$M$45)/$C$21 -> 31.207612
C36: =C28 -> 0.10371791 | D36: =D28+(SUMPRODUCT(-$C$43:$M$43,$C$44:$M$44,1/(1+$C36)^$C$45:$M$45)-$N$43*(1+D$34)/($C36-D$34)/(1+$C36)^$M$45)/$C$21 -> 24.141951 | E36: =E28+(SUMPRODUCT(-$C$43:$M$43,$C$44:$M$44,1/(1+$C36)^$C$45:$M$45)-$N$43*(1+E$34)/($C36-E$34)/(1+$C36)^$M$45)/$C$21 -> 24.583497 | F36: =F28+(SUMPRODUCT(-$C$43:$M$43,$C$44:$M$44,1/(1+$C36)^$C$45:$M$45)-$N$43*(1+F$34)/($C36-F$34)/(1+$C36)^$M$45)/$C$21 -> 25.051414 | G36: =G28+(SUMPRODUCT(-$C$43:$M$43,$C$44:$M$44,1/(1+$C36)^$C$45:$M$45)-$N$43*(1+G$34)/($C36-G$34)/(1+$C36)^$M$45)/$C$21 -> 25.548138 | H36: =H28+(SUMPRODUCT(-$C$43:$M$43,$C$44:$M$44,1/(1+$C36)^$C$45:$M$45)-$N$43*(1+H$34)/($C36-H$34)/(1+$C36)^$M$45)/$C$21 -> 26.076413 | I36: =I28+(SUMPRODUCT(-$C$43:$M$43,$C$44:$M$44,1/(1+$C36)^$C$45:$M$45)-$N$43*(1+I$34)/($C36-I$34)/(1+$C36)^$M$45)/$C$21 -> 26.639343 | J36: =J28+(SUMPRODUCT(-$C$43:$M$43,$C$44:$M$44,1/(1+$C36)^$C$45:$M$45)-$N$43*(1+J$34)/($C36-J$34)/(1+$C36)^$M$45)/$C$21 -> 27.240454 | K36: =K28+(SUMPRODUCT(-$C$43:$M$43,$C$44:$M$44,1/(1+$C36)^$C$45:$M$45)-$N$43*(1+K$34)/($C36-K$34)/(1+$C36)^$M$45)/$C$21 -> 27.883768 | L36: =L28+(SUMPRODUCT(-$C$43:$M$43,$C$44:$M$44,1/(1+$C36)^$C$45:$M$45)-$N$43*(1+L$34)/($C36-L$34)/(1+$C36)^$M$45)/$C$21 -> 28.57389
C37: =C29 -> 0.10871791 | D37: =D29+(SUMPRODUCT(-$C$43:$M$43,$C$44:$M$44,1/(1+$C37)^$C$45:$M$45)-$N$43*(1+D$34)/($C37-D$34)/(1+$C37)^$M$45)/$C$21 -> 22.53876 | E37: =E29+(SUMPRODUCT(-$C$43:$M$43,$C$44:$M$44,1/(1+$C37)^$C$45:$M$45)-$N$43*(1+E$34)/($C37-E$34)/(1+$C37)^$M$45)/$C$21 -> 22.918886 | F37: =F29+(SUMPRODUCT(-$C$43:$M$43,$C$44:$M$44,1/(1+$C37)^$C$45:$M$45)-$N$43*(1+F$34)/($C37-F$34)/(1+$C37)^$M$45)/$C$21 -> 23.320435 | G37: =G29+(SUMPRODUCT(-$C$43:$M$43,$C$44:$M$44,1/(1+$C37)^$C$45:$M$45)-$N$43*(1+G$34)/($C37-G$34)/(1+$C37)^$M$45)/$C$21 -> 23.745271 | H37: =H29+(SUMPRODUCT(-$C$43:$M$43,$C$44:$M$44,1/(1+$C37)^$C$45:$M$45)-$N$43*(1+H$34)/($C37-H$34)/(1+$C37)^$M$45)/$C$21 -> 24.195479 | I37: =I29+(SUMPRODUCT(-$C$43:$M$43,$C$44:$M$44,1/(1+$C37)^$C$45:$M$45)-$N$43*(1+I$34)/($C37-I$34)/(1+$C37)^$M$45)/$C$21 -> 24.673404 | J37: =J29+(SUMPRODUCT(-$C$43:$M$43,$C$44:$M$44,1/(1+$C37)^$C$45:$M$45)-$N$43*(1+J$34)/($C37-J$34)/(1+$C37)^$M$45)/$C$21 -> 25.181686 | K37: =K29+(SUMPRODUCT(-$C$43:$M$43,$C$44:$M$44,1/(1+$C37)^$C$45:$M$45)-$N$43*(1+K$34)/($C37-K$34)/(1+$C37)^$M$45)/$C$21 -> 25.723312 | L37: =L29+(SUMPRODUCT(-$C$43:$M$43,$C$44:$M$44,1/(1+$C37)^$C$45:$M$45)-$N$43*(1+L$34)/($C37-L$34)/(1+$C37)^$M$45)/$C$21 -> 26.301674
C38: =C30 -> 0.11371791 | D38: =D30+(SUMPRODUCT(-$C$43:$M$43,$C$44:$M$44,1/(1+$C38)^$C$45:$M$45)-$N$43*(1+D$34)/($C38-D$34)/(1+$C38)^$M$45)/$C$21 -> 21.102589 | E38: =E30+(SUMPRODUCT(-$C$43:$M$43,$C$44:$M$44,1/(1+$C38)^$C$45:$M$45)-$N$43*(1+E$34)/($C38-E$34)/(1+$C38)^$M$45)/$C$21 -> 21.431818 | F38: =F30+(SUMPRODUCT(-$C$43:$M$43,$C$44:$M$44,1/(1+$C38)^$C$45:$M$45)-$N$43*(1+F$34)/($C38-F$34)/(1+$C38)^$M$45)/$C$21 -> 21.778612 | G38: =G30+(SUMPRODUCT(-$C$43:$M$43,$C$44:$M$44,1/(1+$C38)^$C$45:$M$45)-$N$43*(1+G$34)/($C38-G$34)/(1+$C38)^$M$45)/$C$21 -> 22.144415 | H38: =H30+(SUMPRODUCT(-$C$43:$M$43,$C$44:$M$44,1/(1+$C38)^$C$45:$M$45)-$N$43*(1+H$34)/($C38-H$34)/(1+$C38)^$M$45)/$C$21 -> 22.530834 | I38: =I30+(SUMPRODUCT(-$C$43:$M$43,$C$44:$M$44,1/(1+$C38)^$C$45:$M$45)-$N$43*(1+I$34)/($C38-I$34)/(1+$C38)^$M$45)/$C$21 -> 22.939663 | J38: =J30+(SUMPRODUCT(-$C$43:$M$43,$C$44:$M$44,1/(1+$C38)^$C$45:$M$45)-$N$43*(1+J$34)/($C38-J$34)/(1+$C38)^$M$45)/$C$21 -> 23.372909 | K38: =K30+(SUMPRODUCT(-$C$43:$M$43,$C$44:$M$44,1/(1+$C38)^$C$45:$M$45)-$N$43*(1+K$34)/($C38-K$34)/(1+$C38)^$M$45)/$C$21 -> 23.832826 | L38: =L30+(SUMPRODUCT(-$C$43:$M$43,$C$44:$M$44,1/(1+$C38)^$C$45:$M$45)-$N$43*(1+L$34)/($C38-L$34)/(1+$C38)^$M$45)/$C$21 -> 24.321957
C39: =C31 -> 0.11871791 | D39: =D31+(SUMPRODUCT(-$C$43:$M$43,$C$44:$M$44,1/(1+$C39)^$C$45:$M$45)-$N$43*(1+D$34)/($C39-D$34)/(1+$C39)^$M$45)/$C$21 -> 19.809137 | E39: =E31+(SUMPRODUCT(-$C$43:$M$43,$C$44:$M$44,1/(1+$C39)^$C$45:$M$45)-$N$43*(1+E$34)/($C39-E$34)/(1+$C39)^$M$45)/$C$21 -> 20.095842 | F39: =F31+(SUMPRODUCT(-$C$43:$M$43,$C$44:$M$44,1/(1+$C39)^$C$45:$M$45)-$N$43*(1+F$34)/($C39-F$34)/(1+$C39)^$M$45)/$C$21 -> 20.397067 | G39: =G31+(SUMPRODUCT(-$C$43:$M$43,$C$44:$M$44,1/(1+$C39)^$C$45:$M$45)-$N$43*(1+G$34)/($C39-G$34)/(1+$C39)^$M$45)/$C$21 -> 20.713946 | H39: =H31+(SUMPRODUCT(-$C$43:$M$43,$C$44:$M$44,1/(1+$C39)^$C$45:$M$45)-$N$43*(1+H$34)/($C39-H$34)/(1+$C39)^$M$45)/$C$21 -> 21.047731 | I39: =I31+(SUMPRODUCT(-$C$43:$M$43,$C$44:$M$44,1/(1+$C39)^$C$45:$M$45)-$N$43*(1+I$34)/($C39-I$34)/(1+$C39)^$M$45)/$C$21 -> 21.399812 | J39: =J31+(SUMPRODUCT(-$C$43:$M$43,$C$44:$M$44,1/(1+$C39)^$C$45:$M$45)-$N$43*(1+J$34)/($C39-J$34)/(1+$C39)^$M$45)/$C$21 -> 21.771735 | K39: =K31+(SUMPRODUCT(-$C$43:$M$43,$C$44:$M$44,1/(1+$C39)^$C$45:$M$45)-$N$43*(1+K$34)/($C39-K$34)/(1+$C39)^$M$45)/$C$21 -> 22.165227 | L39: =L31+(SUMPRODUCT(-$C$43:$M$43,$C$44:$M$44,1/(1+$C39)^$C$45:$M$45)-$N$43*(1+L$34)/($C39-L$34)/(1+$C39)^$M$45)/$C$21 -> 22.582221
B41: PV OF THE SBC ADD-BACK (SAME DISCOUNTING AS TASK #4)
C42: =DATE(2025,12,31) -> 46022 | D42: =DATE(2026,12,31) -> 46387 | E42: =DATE(2027,12,31) -> 46752 | F42: =DATE(2028,12,31) -> 47118 | G42: =DATE(2029,12,31) -> 47483 | H42: =DATE(2030,12,31) -> 47848 | I42: =DATE(2031,12,31) -> 48213 | J42: =DATE(2032,12,31) -> 48579 | K42: =DATE(2033,12,31) -> 48944 | L42: =DATE(2034,12,31) -> 49309 | M42: =DATE(2035,12,31) -> 49674 | N42: Terminal
B43: SBC added back ($M) | C43: -127 | D43: -127 | E43: -127 | F43: -127 | G43: -127 | H43: -127 | I43: -127 | J43: -127 | K43: -127 | L43: -127 | M43: -127 | N43: -127
B44: Share of period after valuation date | C44: 0.030136986 | D44: 1 | E44: 1 | F44: 1 | G44: 1 | H44: 1 | I44: 1 | J44: 1 | K44: 1 | L44: 1 | M44: 1
B45: Discount period (years, mid-year) | C45: 0.015068493 | D45: 0.53013699 | E45: 1.530137 | F45: 2.5328767 | G45: 3.5328767 | H45: 4.5328767 | I45: 5.5328767 | J45: 6.5356164 | K45: 7.5356164 | L45: 8.5356164 | M45: 9.5356164
B46: Check: base-case SBC added back value ($) | C46: =H37 -> 24.195479
B47: Task #4 SBC added back value ($) | C47: =C7 -> 24.195479
B48: Difference | C48: =C46-C47 -> 0
B50: FOOTBALL-FIELD RANGE (WACC ±50 BP, TERMINAL GROWTH ±50 BP)
C51: Low ($) | D51: Base ($) | E51: High ($) | F51: Low WACC / g | G51: High WACC / g
B52: DCF – SBC added back | C52: =F38 -> 21.778612 | D52: =H37 -> 24.195479 | E52: =J36 -> 27.240454 | F52: =TEXT($C$38,"0.00%")&" / "&TEXT(F$34,"0.00%") -> 11.37% / 2.00% | G52: =TEXT($C$36,"0.00%")&" / "&TEXT(J$34,"0.00%") -> 10.37% / 3.00%
B53: DCF – SBC as cash cost | C53: =F30 -> 17.686527 | D53: =H29 -> 19.77896 | E53: =J28 -> 22.417541 | F53: =TEXT($C$30,"0.00%")&" / "&TEXT(F$26,"0.00%") -> 11.37% / 2.00% | G53: =TEXT($C$28,"0.00%")&" / "&TEXT(J$26,"0.00%") -> 10.37% / 3.00%
B55: BRIDGE: PJT DCF ($23.75) TO THIS DCF, SBC AS CASH COST (TASK #4)
B56: PJT reported value per share | C56: 23.75
B57: Replication rounding | C57: -0.040824087
B58: WACC 10.50% to 10.87% | C58: -1.9893656
B59: Terminal growth 6.0% to 2.5%, 5-year basis | C59: -8.5535673
B60: Extension to 2035E, valuation date, net debt and shares | C60: 6.6127169
B61: This DCF, SBC as cash cost | C61: =SUM(C56:C60) -> 19.77896

Sheet LBO
B2: Clearwater Analytics – LBO on the Consortium's Committed Buyout Financing
B3: $M except per share; close 31-Dec-25, 5-year hold to 31-Dec-30; $2.7bn term loan, $500M delayed-draw term loan and $325M revolver per the Debt Commitment Letter and DEFM14A; $5.9bn equity commitment; management Financial Forecasts; entry price solved in closed form for each target IRR
B5: TRANSACTION, FINANCING AND OPERATING ASSUMPTIONS
B6: Close date | C6: =DATE(2025,12,31) -> 46022 | J6: Assumption: as PJT's illustrative LBO and the DCF valuation date; actual close was 25-Jun-26
B7: Exit date | C7: =DATE(2030,12,31) -> 47848 | J7: Five-year hold, as asked
B8: Offer price ($) | C8: 24.55
B9: Unaffected price ($) | C9: 16.69
B10: Term loan funded at close | C10: 2700
B11: Delayed-draw term loan commitment | C11: 500
B12: Delayed-draw term loan drawn | C12: 0 | J12: Assumption: management plan has no acquisitions; DDTL left undrawn
B13: Revolver commitment | C13: 325
B14: Revolver drawn at close | C14: 0 | J14: Assumption: undrawn; the 15.00x first-lien covenant springs only on revolver usage
B15: Term loan tenor (years) | C15: 7
B16: Scheduled amortization, % of original p.a. | C16: 0 | J16: No interim amortization
B17: Applicable margin over Term SOFR | C17: 0.045
B18: Margin step-down | C18: 0.0025
B19: Step-down trigger, first-lien net leverage (x) | C19: 7.5
B20: Term SOFR floor | C20: 0.005
B21: PJT after-tax cost of the 2025 Term Loan | C21: 0.0446
B22: 2025 Term Loan margin over SOFR | C22: 0.0225
B23: Term SOFR, implied (flat) | C23: =C21/(1-C27)-C22 -> 0.036966667 | J23: Derived: 4.46% ÷ (1 − 25%) − 2.25%
B24: PIK share of margin, first two years | C24: 0.5
B25: PIK step-up when 50% is elected | C25: 0.0025
B26: PIK election (1 = elect) | C26: 1 | J26: Assumption: Consortium elects the PIK toggle for two years
B27: Cash tax rate | C27: 0.25
B28: Revolver commitment fee | C28: 0.005
B29: Revolver fee step-down, each | C29: 0.00125
B30: Revolver fee step-down triggers, first-lien net leverage (x) | C30: 7.5 | D30: 7
B31: DDTL ticking fee, day 91 to year 1 | C31: 0.005
B32: DDTL ticking fee, after year 1 | C32: 0.01
B33: DDTL fee-free period (days) | C33: 90 | E33: Days / yr | F33: 365
B34: DDTL availability (months) | C34: 30 | E34: Months / yr | F34: 12
B35: Term loan prepayment premium, first 12 months | C35: 0.01 | J35: Not charged: the sweep prepays from internally generated cash, which the term sheet allows at par
B36: Company transaction fees | C36: 124.14263
B37: Parent legal, advisory and financing fees | C37: 175 | J37: Proxy estimate of Parent's legal, paying agent, advisory and financing fees
B38: Existing debt repaid | C38: 859 | J38: Existing credit agreement repaid at closing
B39: Existing cash and equivalents | C39: 60.8
B40: Existing short-term investments | C40: 3.4
B41: Minimum cash | C41: 100 | J41: Assumption precedent: PJT illustrative LBO
B42: Sponsor equity commitment (four letters) | C42: 5904.9698
B43: Public company cost savings (p.a.) | C43: 10 | J43: Assumption precedent: PJT illustrative LBO
B44: Post-close SBC treated as a cash cost (p.a.) | C44: 32 | J44: Assumption precedent: PJT LBO flatlines SBC at 25% of management's $127mm
B45: Management promote, % of sponsor profit | C45: 0.075 | J45: Assumption precedent: PJT illustrative LBO
B46: Interest deduction cap, % of EBITDA | C46: 0.3 | J46: Assumption: IRC §163(j) cap; disallowed interest carried forward
B47: DTA balance at close | C47: 672
B48: DTA usage cap, % of tax | C48: 0.8
B49: Base exit multiple, TEV / LTM Adj. EBITDA (x) | C49: 22 | J49: Assumption: middle of the 18x / 22x / 26x range asked
B50: Target IRR, selected | C50: 0.225 | J50: Assumption: midpoint of the 20-25% range asked
B51: Class A, Class B, RSUs and PSUs (mm) | C51: =(Comps!X60+Comps!X61+Comps!X62+Comps!X63)/10^6 -> 305.67063
B52: of which RSUs and PSUs, cash awards paid after close (mm) | C52: =(Comps!X62+Comps!X63)/10^6 -> 12.531876 | J52: Paid on the original vesting schedule, not at close (DEFM14A p.8)
B53: Options (mm) | C53: =Comps!X64/10^6 -> 7.590682
B54: Option strike ($) | C54: 9.09
B55: Committed SBC, Enfusion ($M) | C55: 16.7
B57: SOURCES AND USES AT CLOSE (SELECTED-IRR PRICE, BASE EXIT MULTIPLE)
B58: Uses | C58: $M | E58: Sources | G58: $M
B59: Equity purchase price | C59: =C158 -> 6938.2782 | E59: Term loan | G59: =C10 -> 2700
B60: Refinance existing debt | C60: =C38 -> 859 | E60: Delayed-draw term loan | G60: =C12 -> 0
B61: Company transaction fees | C61: =C36 -> 124.14263 | E61: Revolver | G61: =C14 -> 0
B62: Parent legal, advisory and financing fees | C62: =C37 -> 175 | E62: Existing cash and ST inv. | G62: =C39+C40 -> 64.2
B63: Cash to balance sheet | C63: =C41 -> 100 | E63: Sponsor equity | G63: =C64-SUM(G59:G62) -> 5432.2209
B64: Total uses | C64: =SUM(C59:C63) -> 8196.4209 | E64: Total sources | G64: =SUM(G59:G63) -> 8196.4209
B65: Sponsor equity, closed form at target IRR | C65: =C157 -> 5432.2209
B66: Sponsor equity, sources and uses | C66: =G63 -> 5432.2209
B67: Difference | C67: =C65-C66 -> 0
B68: Sponsor equity at the $24.55 offer | C68: =C136 -> 6132.2086
B69: (−) RSU and PSU cash awards paid after close | C69: =-$C$8*$C$52 -> -307.65756
B70: Equity funded at close at the offer | C70: =SUM(C68:C69) -> 5824.551
B71: Sponsor equity commitment | C71: =C42 -> 5904.9698
B72: Commitment headroom at the offer | C72: =C71-C70 -> 80.418792
B73: Term loan / 2026E Adj. EBITDA (pre-SBC) (x) | C73: =C10/D80 -> 7.9881657 | J73: Cross-check: PJT describes the term loan as 8.0x 2026E EBITDA
B74: Debt and cash sources net of non-equity uses | C74: =(C10+C12+C14+C39+C40)-(C38+C36+C37+C41) -> 1506.0574
B76: OPERATING BUILD AND CASH FLOW
B77: Period | C77: =DATE(2025,12,31) -> 46022 | D77: =EDATE(C77,12) -> 46387 | E77: =EDATE(D77,12) -> 46752 | F77: =EDATE(E77,12) -> 47118 | G77: =EDATE(F77,12) -> 47483 | H77: =EDATE(G77,12) -> 47848
B78: Year of hold | D78: =YEAR(D77)-YEAR($C$6) -> 1 | E78: =YEAR(E77)-YEAR($C$6) -> 2 | F78: =YEAR(F77)-YEAR($C$6) -> 3 | G78: =YEAR(G77)-YEAR($C$6) -> 4 | H78: =YEAR(H77)-YEAR($C$6) -> 5
B79: Revenue | C79: 730 | D79: 940 | E79: 1100 | F79: 1298 | G79: 1531 | H79: 1807
B80: Adj. EBITDA (pre-SBC) | C80: 248 | D80: 338 | E80: 418 | F80: 518 | G80: 634 | H80: 763
B81: (+) Public company cost savings | C81: =$C$43 -> 10 | D81: =$C$43 -> 10 | E81: =$C$43 -> 10 | F81: =$C$43 -> 10 | G81: =$C$43 -> 10 | H81: =$C$43 -> 10
B82: Consolidated EBITDA ($M) | C82: =SUM(C80:C81) -> 258 | D82: =SUM(D80:D81) -> 348 | E82: =SUM(E80:E81) -> 428 | F82: =SUM(F80:F81) -> 528 | G82: =SUM(G80:G81) -> 644 | H82: =SUM(H80:H81) -> 773
B83: (−) SBC cash cost | D83: =-$C$44 -> -32 | E83: =-$C$44 -> -32 | F83: =-$C$44 -> -32 | G83: =-$C$44 -> -32 | H83: =-$C$44 -> -32
B84: (−) Depreciation | D84: -13 | E84: -11 | F84: -14 | G84: -17 | H84: -21
B85: EBIT ($M) | D85: =SUM(D82:D84) -> 303 | E85: =SUM(E82:E84) -> 385 | F85: =SUM(F82:F84) -> 482 | G85: =SUM(G82:G84) -> 595 | H85: =SUM(H82:H84) -> 720
B86: (−) Term loan interest, cash | D86: =-D105*(D116-D115) -> -160.56 | E86: =-E105*(E116-E115) -> -154.24312 | F86: =-F105*(F116-F115) -> -199.35418 | G86: =-G105*(G116-G115) -> -179.15493 | H86: =-H105*(H116-H115) -> -148.72123
B87: (−) Term loan interest, paid in kind | D87: =-D105*D115 -> -67.5 | E87: =-E105*E115 -> -62.924835 | F87: =-F105*F115 -> 0 | G87: =-G105*G115 -> 0 | H87: =-H105*H115 -> 0
B88: (−) Revolver commitment fee and interest | D88: =-($C$13-$C$14)*D117-$C$14*(MAX($C$23,$C$20)+D114) -> -1.625 | E88: =-($C$13-$C$14)*E117-$C$14*(MAX($C$23,$C$20)+E114) -> -1.21875 | F88: =-($C$13-$C$14)*F117-$C$14*(MAX($C$23,$C$20)+F114) -> -0.8125 | G88: =-($C$13-$C$14)*G117-$C$14*(MAX($C$23,$C$20)+G114) -> -0.8125 | H88: =-($C$13-$C$14)*H117-$C$14*(MAX($C$23,$C$20)+H114) -> -0.8125
B89: (−) DDTL ticking fee | D89: =-($C$11-$C$12)*IF(D78=1,$C$31*($F$33-$C$33)/$F$33,$C$32*MAX(0,MIN($F$34,$C$34-$F$34*(D78-1)))/$F$34) -> -1.8835616 | E89: =-($C$11-$C$12)*IF(E78=1,$C$31*($F$33-$C$33)/$F$33,$C$32*MAX(0,MIN($F$34,$C$34-$F$34*(E78-1)))/$F$34) -> -5 | F89: =-($C$11-$C$12)*IF(F78=1,$C$31*($F$33-$C$33)/$F$33,$C$32*MAX(0,MIN($F$34,$C$34-$F$34*(F78-1)))/$F$34) -> -2.5 | G89: =-($C$11-$C$12)*IF(G78=1,$C$31*($F$33-$C$33)/$F$33,$C$32*MAX(0,MIN($F$34,$C$34-$F$34*(G78-1)))/$F$34) -> 0 | H89: =-($C$11-$C$12)*IF(H78=1,$C$31*($F$33-$C$33)/$F$33,$C$32*MAX(0,MIN($F$34,$C$34-$F$34*(H78-1)))/$F$34) -> 0
B90: (+) Interest income on cash | D90: =$C$23*D110 -> 3.6966667 | E90: =$C$23*E110 -> 3.6966667 | F90: =$C$23*F110 -> 3.6966667 | G90: =$C$23*G110 -> 3.6966667 | H90: =$C$23*H110 -> 3.6966667
B91: Pre-tax income ($M) | D91: =SUM(D85:D90) -> 75.128105 | E91: =SUM(E85:E90) -> 165.30996 | F91: =SUM(F85:F90) -> 283.02999 | G91: =SUM(G85:G90) -> 418.72923 | H91: =SUM(H85:H90) -> 574.16293
B92: Deductible interest, after cap | D92: =MIN(-SUM(D86:D89)+D118,$C$46*(D82+D83)) -> 94.8 | E92: =MIN(-SUM(E86:E89)+E118,$C$46*(E82+E83)) -> 118.8 | F92: =MIN(-SUM(F86:F89)+F118,$C$46*(F82+F83)) -> 148.8 | G92: =MIN(-SUM(G86:G89)+G118,$C$46*(G82+G83)) -> 183.6 | H92: =MIN(-SUM(H86:H89)+H118,$C$46*(H82+H83)) -> 222.3 | J92: Assumption: PIK interest deductible as accrued, inside the 30% cap
B93: Taxable income | D93: =D85+D90-D92 -> 211.89667 | E93: =E85+E90-E92 -> 269.89667 | F93: =F85+F90-F92 -> 336.89667 | G93: =G85+G90-G92 -> 415.09667 | H93: =H85+H90-H92 -> 501.39667
B94: (−) Taxes at statutory rate | D94: =-$C$27*MAX(0,D93) -> -52.974167 | E94: =-$C$27*MAX(0,E93) -> -67.474167 | F94: =-$C$27*MAX(0,F93) -> -84.224167 | G94: =-$C$27*MAX(0,G93) -> -103.77417 | H94: =-$C$27*MAX(0,H93) -> -125.34917
B95: (+) DTA used | D95: =MIN(D120,-$C$48*D94) -> 42.379333 | E95: =MIN(E120,-$C$48*E94) -> 53.979333 | F95: =MIN(F120,-$C$48*F94) -> 67.379333 | G95: =MIN(G120,-$C$48*G94) -> 83.019333 | H95: =MIN(H120,-$C$48*H94) -> 100.27933
B96: Net income, cash-tax basis ($M) | D96: =D91+D94+D95 -> 64.533272 | E96: =E91+E94+E95 -> 151.81513 | F96: =F91+F94+F95 -> 266.18515 | G96: =G91+G94+G95 -> 397.9744 | H96: =H91+H94+H95 -> 549.0931
B97: (+) Interest paid in kind | D97: =-D87 -> 67.5 | E97: =-E87 -> 62.924835 | F97: =-F87 -> 0 | G97: =-G87 -> 0 | H97: =-H87 -> 0
B98: (+) Depreciation | D98: =-D84 -> 13 | E98: =-E84 -> 11 | F98: =-F84 -> 14 | G98: =-G84 -> 17 | H98: =-H84 -> 21
B99: (+) Amortization of contract acquisition costs | D99: 13 | E99: 16 | F99: 19 | G99: 22 | H99: 27
B100: (−) Capex | D100: -21 | E100: -16 | F100: -19 | G100: -23 | H100: -27
B101: (−) Change in NWC | D101: -19 | E101: -22 | F101: -26 | G101: -31 | H101: -36
B102: Free cash flow before debt repayment ($M) | D102: =SUM(D96:D101) -> 118.03327 | E102: =SUM(E96:E101) -> 203.73996 | F102: =SUM(F96:F101) -> 254.18515 | G102: =SUM(G96:G101) -> 382.9744 | H102: =SUM(H96:H101) -> 534.0931
B104: DEBT, CASH, RATES AND TAX ATTRIBUTES
B105: Term loan, opening | D105: =C109 -> 2700 | E105: =D109 -> 2649.4667 | F105: =E109 -> 2508.6516 | G105: =F109 -> 2254.4664 | H105: =G109 -> 1871.492
...
